Workbook
Name \a: #REF!
Name \a: #REF!
Name \a: #REF!
Name \b: #REF!
Name \b: #REF!
Name \b: #REF!
Name \c: #REF!
Name \c: #REF!
Name \c: #REF!
Name \l: #REF!
Name \l: #REF!
Name \l: #REF!
Name A_impresión_IM: #REF!
Name A_impresión_IM: #REF!
Name A_impresión_IM: #REF!
Name aiu_mat: [1]PRESUPUESTO!$AD$891
Name campamentos: [1]PRESUPUESTO!$AD$883
Name CUAESTRUCT: #REF!
Name CUAESTRUCT: #REF!
Name CUAESTRUCT: #REF!
Name CUAPRUEBAS: #REF!
Name CUAPRUEBAS: #REF!
Name CUAPRUEBAS: #REF!
Name equipos: [1]PRESUPUESTO!$AD$876
Name FM: #REF!
Name FM: #REF!
Name FM: #REF!
Name FMA: #REF!
Name FMA: #REF!
Name FMA: #REF!
Name FMB: #REF!
Name FMB: #REF!
Name FMB: #REF!
Name FMC: #REF!
Name FMC: #REF!
Name FMC: #REF!
Name FMD: #REF!
Name FMD: #REF!
Name FMD: #REF!
Name FME: #REF!
Name FME: #REF!
Name FME: #REF!
Name gastos_contrato: [1]PRESUPUESTO!$AD$885
Name herramientas: [1]PRESUPUESTO!$AD$878
Name INDI1: #REF!
Name INDI1: #REF!
Name INDI1: #REF!
Name inst_provis: [1]PRESUPUESTO!$AD$882
Name mano_obra_apoyo: [1]PRESUPUESTO!$AD$881
Name mano_obra_direccion: [1]PRESUPUESTO!$AD$880
Name mano_obra_directa: [1]PRESUPUESTO!$AD$872
Name materiales: [1]PRESUPUESTO!$AD$873
Name MOD: #REF!
Name MOD: #REF!
Name MOD: #REF!
Name obser: [2]BD_SITP_08!$AP:$AV
Name sdbfgfdgh: #REF!
Name sdbfgfdgh: #REF!
Name sdfwg: #REF!
Name sdfwg: #REF!

Sheet EVALUACION PERSONAL CLAVE
B3: LICITACION PUBLICA EMPRENDIMIENTO
B5: EVALUACION PERSONAL CLAVE - HABILITANTE TECNICO
C7: PROPONENTE | E7: DIRECTOR DE INTERVENTORIA
E8: PROFESION ciencias sociales y humanas, políticas, económicas, ingenierías, ciencias de la salud, administración pública, administración de empresas | F8: EXPERIENCIA GENERAL OCHO (10) AÑOS | G8: EXPERIENCIA ESPECIFICA: 3 AÑOS VINCULACION CON CONTRATOS PUBLICOS Y UN AÑO COMO COORDINADOR EN TEMAS DE EMPRENDIMIENTO | L8: EXPERIENCIA ESPECIFICA INTERVENTORIA A MANTENIMIENTO Y/O ADECUACION Y/O CONSTRUCCION DE PARQUES Y/O ESCENARIOS DEPORTIVOS DOS (2) AÑOS | M8: ANEXO 13 A CARTA DE COMPROMISO | N8: CEDULA DE CIUDADANÍA | O8: COPIA DE TARJETA O MATRICULA PROFESIONAL VIGENTE | P8: CERTIFICADO VIGENCIA MATRICULA PROFESIONAL | Q8: COPIA DE ACTA DE GRADO O DIPLOMA DE TITULO PROFESIONAL
B9: 1 | C9: CORPORACION UNIVERSITARIA MINUTO DE DIOS | E9: GICELA CÓRDOBA LONDOÑO | G9: CERTIFICACIONES | H9: FECHA DESDE | I9: FECHA HASTA | J9: CUMPLE O NO CUMPLE | K9: OBSERVACIONES
E10: CUMPLE | F10: CUMPLE | L10: CUMPLE | M10: CUMPLE | N10: CUMPLE | O10: CUMPLE | P10: CUMPLE | Q10: CUMPLE
J13: CUMPLE
B15: 2 | C15: CORPORACION UNIFICADA NACIONAL DE EDUCACION SUPERIOR-CUN | E15: LUÍS CARLOS GALVIS VELASCO | G15: CERTIFICACIONES | H15: FECHA DESDE | I15: FECHA HASTA | J15: CUMPLE O NO CUMPLE | K15: OBSERVACIONES
E16: CUMPLE | F16: CUMPLE | K16: CUMPLE | L16: CUMPLE | M16: CUMPLE | N16: CUMPLE | O16: CUMPLE | P16: CUMPLE | Q16: CUMPLE
B25: 3 | C25: CONSORCIO EMPRENDIMIENTO LOCAL FDLE 2018 | E25: LILIANA ASTRID SÁNCHEZ MERCADO | G25: CERTIFICACIONES | H25: FECHA DESDE | I25: FECHA HASTA | J25: CUMPLE O NO CUMPLE | K25: OBSERVACIONES
E26: CUMPLE | F26: CUMPLE | G26: CERTIFICACION 1: CONSORCIO INTERPAR | H26: 39834 | I26: 40021 | K26: CUMPLE | L26: CUMPLE | M26: CUMPLE | N26: CUMPLE | O26: CUMPLE | P26: CUMPLE | Q26: CUMPLE
G27: CERTIFICACION 2: GNG INGENIERÍA S.A.S. - IDRD | H27: 40134 | I27: 40484 | J27: CUMPLE
G28: CERTIFICACION 3: GNG INGENIERÍA S.A.S. - IDRD | H28: 40764 | I28: 40903 | J28: CUMPLE
G29: CERTIFICACION 4: GNG INGENIERÍA S.A.S. - IDRD | H29: 40905 | I29: 41194 | J29: CUMPLE
G30: CERTIFICACION 5: GNG INGENIERÍA S.A.S. - IDRD | H30: 41191 | I30: 41495 | J30: CUMPLE
G31: CERTIFICACION 6: GNG INGENIERÍA S.A.S. - IDRD | H31: 41669 | I31: 41941 | J31: CUMPLE
G32: CERTIFICACION 7: GNG INGENIERÍA S.A.S. - IDRD | H32: 42240 | I32: 42766 | J32: CUMPLE
G33: CERTIFICACION 8: CONSORCIO INTERZONAL | H33: 40360 | I33: 41029 | J33: CUMPLE
G34: CERTIFICACION 9: CONSORCIO INTERVÍAS | H34: 41246 | I34: 41626 | J34: CUMPLE
G35: CERTIFICACION 10: | H35: 41701 | I35: 42523 | J35: CUMPLE
B39: 4 | C39: UT CEMPED - SAN MATEO | E39: MARGARITA GÓMEZ GÓMEZ | G39: CERTIFICACIONES | H39: FECHA DESDE | I39: FECHA HASTA | J39: CUMPLE O NO CUMPLE | K39: OBSERVACIONES
E40: CUMPLE | F40: CUMPLE | G40: CERTIFICACION 1: ALCALDÍA MUNICIPAL DE ARAUCA | H40: 38544 | I40: 39092 | J40: CUMPLE | K40: CUMPLE | L40: CUMPLE | M40: CUMPLE | N40: CUMPLE | O40: CUMPLE | P40: NO CUMPLE | Q40: CUMPLE
G41: CERTIFICACION 2: ALCALDÍA MUNICIPAL DE ARAUCA | H41: 39252 | I41: 40413 | J41: CUMPLE
G42: CERTIFICACION 3: FONDO DE DESARROLLO LOCAL DE CIUDAD BOLÍVAR | H42: 41288 | I42: 41592 | J42: CUMPLE
G43: CERTIFICACION 4: IDRD | H43: 41673 | I43: 42067 | J43: CUMPLE
G44: CERTIFICACION 5: ALCALDÍA MUNICIPAL DE SOACHA | H44: 42040 | I44: 42159 | J44: CUMPLE
G45: CERTIFICACION 6: ALCALDÍA MUNICIPAL DE MOSQUERA | H45: 42221 | I45: 42344 | J45: CUMPLE
G46: CERTIFICACION 7: AGENCIA LOGÍSTICA DE LAS FUERZAS MILITARES | H46: 42345 | I46: 42697 | J46: CUMPLE
G47: CERTIFICACION 8: FONDO DE DESARROLLO LOCAL DE CHAPINERO | H47: 42773 | I47: 42922 | J47: CUMPLE
G48: CERTIFICACION 9: FONDO DE DESARROLLO LOCAL DE USME | H48: 42738 | I48: 43163 | J48: CUMPLE
B50: 5 | C50: UNIVERSIDAD EAN | E50: ROBINSON FERNANDO MARROQUÍN PÉREZ | G50: CERTIFICACIONES | H50: FECHA DESDE | I50: FECHA HASTA | J50: CUMPLE O NO CUMPLE | K50: OBSERVACIONES
E51: CUMPLE | F51: CUMPLE | G51: CERTIFICACION 1: MUNICIPIO DE CASTILLA LA NUEVA. | H51: 38124 | I51: 38395 | J51: CUMPLE | K51: CUMPLE | L51: CUMPLE | M51: CUMPLE | N51: CUMPLE | O51: CUMPLE | P51: CUMPLE | Q51: CUMPLE
G52: CERTIFICACION 2: MUNICIPIO DE CASTILLA LA NUEVARED DE UNIVERSIDADES PÚBLICAS DEL EJE CAFETERO. | H52: 39798 | I52: 40105 | J52: CUMPLE
G53: CERTIFICACION 3: INSTITUTO DEL DESARROLLO DEL META | H53: 43480 | I53: 40616 | J53: CUMPLE
G54: CERTIFICACIÓN 4: ARM CONSULTING LTDA Y TERRANUM CORPORATIVO S.A.S. | H54: 41754 | I54: 42025 | J54: CUMPLE
G56: CERTIFICACIÓN 5: UNIVERSIDAD DE CUNDINAMARCA Y EL INSTITUTO DEL DESARROLLO DEL META. | H56: 40634 | I56: 41408 | J56: CUMPLE
B57: 6 | C57: UNIÓN TEMPORAL FESSANJOSÉ, TRIÁNGULO Y FORO CÍVICO | E57: SANTIAGO PAEZ TALERO | G57: CERTIFICACIONES | H57: FECHA DESDE | I57: FECHA HASTA | J57: CUMPLE O NO CUMPLE | K57: OBSERVACIONES
E58: CUMPLE | F58: CUMPLE | G58: CERTIFICACION 1: INCOPLAN S.A. | H58: 38951 | I58: 39608 | J58: CUMPLE | K58: CUMPLE | L58: NO CUMPLE | M58: CUMPLE | N58: CUMPLE | O58: CUMPLE | P58: CUMPLE | Q58: CUMPLE
G59: CERTIFICACION 2: INCOPLAN S.A. | H59: 40177 | I59: 40774 | J59: CUMPLE
G60: CERTIFICACION 3: INCOPLAN S.A. | H60: 42017 | I60: 42855 | J60: CUMPLE
G61: CERTIFICACION 3: INCOPLAN S.A. | H61: 39630 | I61: 39859 | J61: CUMPLE
B64: 7 | C64: CORPORACION INSTITUTO COLOMBIANO DE CUALIFICACION EMPRESARIAL | E64: HERNÁNDO DAZA BERRIO | G64: CERTIFICACIONES | H64: FECHA DESDE | I64: FECHA HASTA | J64: CUMPLE O NO CUMPLE | K64: OBSERVACIONES
E65: CUMPLE | F65: CUMPLE | G65: CERTIFICACION 1: ARQUITECTURA URBANA LTDA. | H65: 42046 | I65: 42302 | J65: CUMPLE | K65: CUMPLE | L65: CUMPLE | M65: CUMPLE | N65: CUMPLE | O65: CUMPLE | P65: CUMPLE | Q65: CUMPLE
G66: CERTIFICACION 2: ARQUITECTURA URBANA LTDA. | H66: 41680 | I66: 41997 | J66: CUMPLE
G67: CERTIFICACION 3: ARQUITECTURA URBANA LTDA. | H67: 40980 | I67: 41548 | J67: CUMPLE
G68: CERTIFICACION 4: ARQUITECTURA URBANA LTDA. | H68: 40983 | I68: 41197 | J68: CUMPLE
G69: CERTIFICACION 5: ARQUITECTURA URBANA LTDA. | H69: 40976 | I69: 41316 | J69: CUMPLE
G70: CERTIFICACION 6: ARQUITECTURA URBANA LTDA. | H70: 39896 | I70: 40063 | J70: CUMPLE
G71: CERTIFICACION 7: ARQUITECTURA URBANA LTDA. | H71: 39902 | I71: 40069 | J71: CUMPLE
G72: CERTIFICACION 8: ARQUITECTURA URBANA LTDA. | H72: 40252 | I72: 40409 | J72: CUMPLE
G73: CERTIFICACION 9: ARQUITECTURA URBANA LTDA. | H73: 40251 | I73: 40518 | J73: CUMPLE
G74: CERTIFICACION 10: ARQUITECTURA URBANA LTDA. | H74: 40276 | I74: 40576 | J74: CUMPLE
G75: CERTIFICACION 11: ARQUITECTURA URBANA LTDA. | H75: 39520 | I75: 40083 | J75: CUMPLE
G76: CERTIFICACION 12: ARQUITECTURA URBANA LTDA. | H76: 39050 | I76: 39414 | J76: CUMPLE
G77: CERTIFICACION 13: CONSORCIO PARQUES VECINALES 017 | H77: 41317 | I77: 41724 | J77: CUMPLE
... G81: CERTIFICACION 17: ARQUITECTURA URBANA LTDA. | H81: 41726 | I81: 42898 | J81: CUMPLE
B83: 8 | C83: UNISABANA | E83: SANTIAGO PAEZ TALERO | G83: CERTIFICACIONES | H83: FECHA DESDE | I83: FECHA HASTA | J83: CUMPLE O NO CUMPLE | K83: OBSERVACIONES
E84: CUMPLE | F84: CUMPLE | G84: CERTIFICACION 1: INCOPLAN S.A. | H84: 38951 | I84: 39608 | J84: CUMPLE | K84: CUMPLE | L84: NO CUMPLE | M84: CUMPLE | N84: CUMPLE | O84: CUMPLE | P84: CUMPLE | Q84: CUMPLE
G85: CERTIFICACION 2: INCOPLAN S.A. | H85: 40177 | I85: 40774 | J85: CUMPLE
G86: CERTIFICACION 3: INCOPLAN S.A. | H86: 42017 | I86: 42855 | J86: CUMPLE
G87: CERTIFICACION 3: INCOPLAN S.A. | H87: 39630 | I87: 39859 | J87: CUMPLE
B90: 9 | C90: UNIVERSIDAD DE CUNDINAMARCA | E90: SANTIAGO PAEZ TALERO | G90: CERTIFICACIONES | H90: FECHA DESDE | I90: FECHA HASTA | J90: CUMPLE O NO CUMPLE | K90: OBSERVACIONES
E91: CUMPLE | F91: CUMPLE | G91: CERTIFICACION 1: INCOPLAN S.A. | H91: 38951 | I91: 39608 | J91: CUMPLE | K91: CUMPLE | L91: NO CUMPLE | M91: CUMPLE | N91: CUMPLE | O91: CUMPLE | P91: CUMPLE | Q91: CUMPLE
G92: CERTIFICACION 2: INCOPLAN S.A. | H92: 40177 | I92: 40774 | J92: CUMPLE
G93: CERTIFICACION 3: INCOPLAN S.A. | H93: 42017 | I93: 42855 | J93: CUMPLE
G94: CERTIFICACION 3: INCOPLAN S.A. | H94: 39630 | I94: 39859 | J94: CUMPLE
B97: 10 | C97: UNIVERSIDAD EAFIT | E97: SANTIAGO PAEZ TALERO | G97: CERTIFICACIONES | H97: FECHA DESDE | I97: FECHA HASTA | J97: CUMPLE O NO CUMPLE | K97: OBSERVACIONES
E98: CUMPLE | F98: CUMPLE | G98: CERTIFICACION 1: INCOPLAN S.A. | H98: 38951 | I98: 39608 | J98: CUMPLE | K98: CUMPLE | L98: NO CUMPLE | M98: CUMPLE | N98: CUMPLE | O98: CUMPLE | P98: CUMPLE | Q98: CUMPLE
G99: CERTIFICACION 2: INCOPLAN S.A. | H99: 40177 | I99: 40774 | J99: CUMPLE
G100: CERTIFICACION 3: INCOPLAN S.A. | H100: 42017 | I100: 42855 | J100: CUMPLE
G101: CERTIFICACION 3: INCOPLAN S.A. | H101: 39630 | I101: 39859 | J101: CUMPLE

Sheet EVALUACION JURÍDICA
A1: PROPONENTES | B1: 1. AGENCIA NACIONAL DE SEGURIDAD PRIVADA ANSE LTDA | E1: 2. VIGILANCIA Y SEGURIDAD PRIVADA DINAPOWER LTDA | H1: 3. VIPCOL LIMITADA VIGILANCIA PRIVADA DE COLOMBIA | K1: 4. COMPAÑÍA DE SEGURIDAD Y VIGILANCIA PRIVADA AZIMUT CARIBABARE LTDA | N1: 5. SEGURIDAD THOR LTDA | Q1: 6. COOVIAM CTA | T1: 7. UT VITEC 2020 | Z1: 8. COMPAÑIA DE VIGILANCIA COVISUR DE COLOMBIA LTDA | AC1: 9. UT ENGATIVA JP 2020 | AI1: 10. UNIÓN TEMPORAL S.A. 2020 | AO1: 11. SEGURIDAD COSMOS LTDA | AR1: 12. MEGASEGURIDAD LA PROVEEDORA LTDA | AU1: 13. SEGURIDAD NUEVA ERA LTDA. | AX1: 14. UNION TEMPORAL TELEGRAN SEGURIDAD | BD1: 15. SERVICIO DE VIGILANCIA TECNICO LTDA - SERVIGTEC LTDA. | BG1: 16. UNION TEMPORAL SEGURIDAD SE 2020 - REPRESENTANTE LEGAL ROOSEVELT CALCETO OSPINA | BM1: 17. CUSTODIAR LIMITADA | BP1: 18. UNION TEMPORAL CP ALIANZA - REPRESENTANTE LEGAL EDUARDO JAVIER CANTILLO BARRAZA | BV1: 19. SEGURIDAD PENTA LTDA | BY1: 20. UNION TEMPORAL ENGATIVÁ SAGAL 2020 Representante Legal: JAVIER AUGUSTO BARON | CE1: 21. SEGURIDAD Y VIGILANCIA ÉXITO DE COLOMBIA LTDA. | CH1: 22. UNIÓN TEMPORAL ZM 2021 Representante Legal: JOHN HENRY NEIRA BEJARANO
A2: CRITERIO | B2: Representante legal LUIS ARTURO JIMENEZ CELY NIT 830.071.567-9 | E2: Representante legal GERMAN DARIO ARGUMEDO PEREZ NIT 804.011.987-8 | H2: Representante legal WILLIAM ALBERTO RODRIGUEZ DIAZ NIT 890.002.241-7 | K2: Representante legal MAURO CHACON TORRES NIT 844.001.198-6 | N2: Representante legal JAIRO ANTONIO ASCANIO LOPEZ NIT 900.497.761-4 | Q2: Representante legal JULIANA MARCELA LUNA CHAVES NIT 804.000.353-1 | T2: TECNOLOGIAS INTEGRALES DE SEGURDIDAD DE COLOMBIA LTDA NIT: 860.063.683-1 REPRESENTANTE LEGAL RUBEN DARIO JUNCO | W2: COMPAÑIA DE VIGILANCIA VIGILISTA LTDA NIT: 800.035.936-1 REPRESENTANTEAL LEGAL ALFREDO REYES SANCHEZ | Z2: Representante legal CAROL ANDREA GRANADA GOMEZ NIT 891.502.104-5 | AC2: COMPAÑIA DE VIGILANCIA PPH LTDA. NIT: 830.100.582-5 REPRESENTANTE LEGAL LILIANA MORA BERMUDEZ | AF2: SEGURIDAD JANO LTDA NIT: 830.100.582-5 REPRESENTANTE LEGAL LUIS FERNANDO SERRANO TASCON | AI2: ADPORT LTDA NIT: 830.087.993-3 REPRESENTANTE LEGAL JORGE ERNESTO VENEGAS | AL2: SEGURIDAD Y VIGILANCIA SERVICONCEL LTDA NIT: 830.049.411-7 REPRESENTANTE LEGAL GUILLERMO MAYORGA VALENZUELA | AO2: Representante legal CAMILO ALBERTO RODRIGUEZ MATTA NIT 800.023.646-9 | AR2: Representante legal CARLOS ARTURO VELANDIA DIAZ. NIT 860.072.115-7 | AU2: Representante legal NUBIA CONSUELO CASTRO SUESCA. NIT 830.070.625-3 | AX2: TELEVIGILANCIA LTDA PROTECCION Y SEGURIDAD- Representante Legal MARÍA MONICA GONZALEZ RUIZ - NIT 800.237.731-6 | BA2: GRANADINA DE VIGILANCIA LTDA. Representante Legal ABEL ARIAS CEDEÑO - NIT 860.513.971-9 | BD2: Representante legal JUAN MANUEL SILVA RUIZ . NIT 860.060.112-3 | BG2: SEGURIDAD ESTELAR LTDA. Rrepresentante legal JOSE IVAN GALINDO ROMERO . NIT 822.005.145-4 | BJ2: SEGURIDAD Y VIGILANCIA INDUSTRIAL COMERCIAL Y BANCARIA - SEVIN LTDA Rrepresentante legal ROOSEVELT CALCETO OSPINA. NIT 860.500.743-1 | BM2: Representante Legal HERNEY GALLEGO GALLEGO - NIT 800.103.851-6 | BP2: VIGILANCIA Y SEGURIDAD ELECTRONICA CAXAR LTDA Representante legal EDUARDO JAVIER CANTILLO BARRAZA . NIT 900.325.980-3 | BS2: EMPRESA DE SEGURIDAD Y VIGILANCIA PRIVADA - PUMA LTDA. Representante legal IVÁN CAMILO ORDÓÑEZ JIMENEZ . NIT 813.002.358-1 | BV2: Representante legal MARGARITA ROSA URIBE SANTOS . NIT 830.009.853-8 | BY2: MAGAL VIGILANCIA Y SEGURIDAD PRIVADA LTDA Representante legal ERIKA JOHANNA RODRIGUEZ UMBACIA . NIT 822.003.247-8 | CB2: SEGURIDAD SAN CARLOS LTDA. Rrepresentante legal JAVIER AUGUSTO BARÓN. NIT 900.309.976-6 | CE2: Representante legal MARTHA BEATRIZ NARANJO ESTUPIÑAN . NIT 800.067.868-6 | CH2: ZONA DE SEGURIDAD LTDA. Rrepresentante legal JOHN HENRY NEIRA BEJARANO. NIT 900.306.514-3 | CK2: SEGURIDAD MONTEVIDEO LTDA. Rrepresentante legal FABIO AMADO AYALA . NIT 900.707.925-8
B5: SI | C5: NO | D5: OBSERVACION | E5: SI | F5: NO | G5: OBSERVACION | H5: SI | I5: NO | J5: OBSERVACION | K5: SI | L5: NO | M5: OBSERVACION | N5: SI | O5: NO | P5: OBSERVACION | Q5: SI | R5: NO | S5: OBSERVACION | T5: SI | U5: NO | V5: OBSERVACION | W5: SI | X5: NO | Y5: OBSERVACION | Z5: SI | AA5: NO | AB5: OBSERVACION | AC5: SI | AD5: NO | AE5: OBSERVACION | AF5: SI | AG5: NO | AH5: OBSERVACION | AI5: SI | AJ5: NO | AK5: OBSERVACION | AL5: SI | AM5: NO | AN5: OBSERVACION | AO5: SI | AP5: NO | AQ5: OBSERVACION | AR5: SI | AS5: NO | AT5: OBSERVACION | AU5: SI | AV5: NO | AW5: OBSERVACION | AX5: SI | AY5: NO | AZ5: OBSERVACION | BA5: SI | BB5: NO | BC5: OBSERVACION | BD5: SI | BE5: NO | BF5: OBSERVACION | BG5: SI | BH5: NO | BI5: OBSERVACION | BJ5: SI | BK5: NO | BL5: OBSERVACION | BM5: SI | BN5: NO | BO5: OBSERVACION | BP5: SI | BQ5: NO | BR5: OBSERVACION | BS5: SI | BT5: NO | BU5: OBSERVACION | BV5: SI | BW5: NO | BX5: OBSERVACION | BY5: SI | BZ5: NO | CA5: OBSERVACION | CB5: SI | CC5: NO | CD5: OBSERVACION | CE5: SI | CF5: NO | CG5: OBSERVACION | CH5: SI | CI5: NO | CJ5: OBSERVACION | CK5: SI | CL5: NO | CM5: OBSERVACION
A6: Carta de presentación de la propuesta debidamente diligenciada de conformidad con especificaciones descritas en el documento complementario | B6: X | D6: Cumple | E6: X | G6: Cumple | H6: X | J6: Cumple | K6: X | M6: Cumple | N6: X | P6: Cumple | Q6: X | S6: Cumple | T6: X | V6: Cumple | W6: X | Y6: Cumple | Z6: X | AB6: Cumple | AC6: X | AE6: Cumple | AF6: X | AH6: Cumple | AI6: X | AK6: Cumple | AL6: X | AN6: Cumple | AO6: X | AQ6: Cumple | AR6: X | AT6: Cumple | AU6: X | AW6: Cumple | AX6: X | AZ6: Cumple | BA6: X | BC6: Cumple | BD6: X | BF6: Cumple | BG6: X | BI6: Cumple | BJ6: X | BL6: Cumple | BM6: X | BO6: Cumple | BP6: X | BR6: Cumple | BS6: X | BU6: Cumple | BV6: X | BX6: Cumple | BY6: X | CA6: Cumple | CB6: X | CD6: Cumple | CE6: X | CG6: Cumple | CH6: X | CJ6: Cumple | CK6: X | CM6: Cumple
A7: Anexe Fotocopia de la cédula de ciudadanía del representante legal de la persona jurídica, según corresponda. | B7: X | D7: Cumple | E7: X | G7: Cumple | H7: X | J7: Cumple | K7: X | M7: Cumple | N7: X | P7: Cumple | Q7: X | S7: Cumple | T7: X | V7: Cumple | W7: X | Y7: Cumple | Z7: X | AB7: Cumple | AC7: X | AE7: Cumple | AF7: X | AH7: Cumple | AI7: X | AK7: Cumple | AL7: X | AN7: Cumple | AO7: X | AQ7: Cumple | AR7: X | AT7: Cumple | AU7: X | AW7: Cumple | AX7: X | AZ7: Cumple | BA7: X | BC7: Cumple | BD7: X | BF7: Cumple | BG7: X | BI7: Cumple | BJ7: X | BL7: Cumple | BM7: X | BO7: Cumple | BP7: X | BR7: Cumple | BS7: X | BU7: Cumple | BV7: X | BX7: Cumple | BY7: X | CA7: Cumple | CB7: X | CD7: Cumple | CE7: X | CG7: Cumple | CH7: X | CJ7: Cumple | CK7: X | CM7: Cumple
A8: Anexe Certificado de Existencia y Representación Legal – Registro Mercantil (CUANDO APLIQUE) | B8: X | D8: Cumple | E8: X | G8: Cumple | H8: X | J8: Cumple | K8: X | M8: Cumple | N8: X | P8: Cumple | Q8: X | S8: Cumple | T8: X | V8: Cumple | W8: X | Y8: Cumple | Z8: X | AB8: Cumple | AC8: X | AE8: Cumple | AF8: X | AH8: Cumple | AI8: X | AK8: Cumple | AL8: X | AN8: Cumple | AO8: X | AQ8: Cumple | AR8: X | AT8: Cumple | AU8: X | AW8: Cumple | AX8: X | AZ8: Cumple | BB8: X | BC8: Cumple | BD8: X | BF8: Cumple | BG8: X | BI8: Cumple | BJ8: X | BL8: Cumple | BM8: X | BO8: Cumple | BP8: X | BR8: Cumple | BS8: X | BU8: Cumple | BV8: X | BX8: Cumple | BY8: X | CA8: Cumple | CB8: X | CD8: Cumple | CE8: X | CG8: Cumple | CH8: X | CJ8: SUBSANO | CK8: X | CM8: Cumple
A9: Acta de autorización para presentar propuesta y suscribir el contrato. | D9: N/A | G9: N/A | H9: X | J9: Cumple | K9: X | M9: Cumple | N9: X | P9: Cumple | Q9: X | S9: Cumple | T9: X | V9: Cumple | W9: X | Y9: Cumple | Z9: X | AB9: Cumple | AE9: N/A | AH9: N/A | AK9: N/A | AN9: N/A | AO9: X | AQ9: Cumple | AT9: N/A | AW9: N/A | AZ9: N/A | BC9: N/A | BF9: N/A | BI9: N/A | BL9: N/A | BO9: N/A | BR9: N/A | BU9: N/A | BX9: N/A | CA9: N/A | CD9: N/A | CG9: N/A | CJ9: N/A | CM9: N/A
A10: Anexe Personas Extranjeras (Cuando aplique) | D10: N/A | G10: N/A | H10: X | J10: Cumple | K10: X | M10: Cumple | N10: X | P10: Cumple | Q10: X | S10: Cumple | T10: X | V10: Cumple | W10: X | Y10: Cumple | Z10: X | AB10: Cumple | AE10: N/A | AH10: N/A | AK10: N/A | AN10: N/A | AO10: X | AQ10: Cumple | AT10: N/A | AW10: N/A | AZ10: N/A | BC10: N/A | BF10: N/A | BI10: N/A | BL10: N/A | BO10: N/A | BR10: N/A | BU10: N/A | BX10: N/A | CA10: N/A | CD10: N/A | CG10: N/A | CJ10: N/A | CM10: N/A
A11: Documento de conformación del Consorcio o Unión Temporal, cuando aplique. | D11: N/A | G11: N/A | J11: N/A | M11: N/A | P11: N/A | S11: N/A | T11: X | V11: Cumple | W11: X | Y11: Cumple | AB11: N/A | AC11: X | AE11: Cumple | AF11: X | AH11: Cumple | AI11: X | AK11: Cumple | AL11: X | AN11: Cumple | AQ11: N/A | AT11: N/A | AW11: N/A | AZ11: N/A | BC11: N/A | BF11: N/A | BG11: X | BI11: Cumple | BJ11: X | BL11: Cumple | BO11: N/A | BP11: X | BR11: Cumple | BS11: X | BU11: Cumple | BX11: N/A | BY11: X | CA11: Cumple | CB11: X | CD11: Cumple | CG11: N/A | CH11: X | CJ11: Cumple | CK11: X | CM11: Cumple
A12: Garantía de Seriedad de la propuesta | B12: X | D12: Cumple | E12: X | G12: Cumple | H12: X | J12: Cumple | K12: X | M12: Cumple | N12: X | P12: Cumple | Q12: X | S12: Cumple | T12: X | V12: Cumple | W12: X | Y12: Cumple | Z12: X | AB12: Cumple | AC12: X | AE12: Cumple | AF12: X | AH12: Cumple | AI12: X | AK12: Cumple | AL12: X | AN12: Cumple | AO12: X | AQ12: Cumple | AR12: X | AT12: Cumple | AU12: X | AW12: Cumple | AX12: X | AZ12: Cumple | BA12: X | BC12: Cumple | BD12: X | BF12: Cumple | BG12: X | BI12: Cumple | BJ12: X | BL12: Cumple | BM12: X | BO12: Cumple | BP12: X | BR12: SUBSANO | BS12: X | BU12: SUBSANO | BV12: X | BX12: Cumple | BY12: X | CA12: SUBSANO | CB12: X | CD12: SUBSANO | CE12: X | CG12: Cumple | CH12: X | CJ12: Cumple | CK12: X | CM12: Cumple
A13: Constancia de cumplimiento de pago al sistema integral de seguridad social y riesgos laborales. | B13: X | D13: Cumple | E13: X | G13: Cumple | H13: X | J13: Cumple | K13: X | M13: SUBSANO | O13: X | P13: NO SUBSANO | Q13: X | S13: Cumple | T13: X | V13: Cumple | W13: X | Y13: Cumple | Z13: X | AB13: Cumple | AD13: X | AE13: NO SUBSANO | AG13: x | AH13: NO SUBSANO | AI13: X | AK13: Cumple | AL13: X | AN13: Cumple | AO13: X | AQ13: Cumple | AR13: X | AT13: Cumple | AU13: X | AW13: Cumple | AX13: X | AZ13: Cumple | BA13: X | BC13: Cumple | BD13: X | BF13: Cumple | BG13: X | BI13: Cumple | BJ13: X | BL13: Cumple | BM13: X | BO13: Cumple | BP13: X | BR13: Cumple | BS13: X | BU13: Cumple | BV13: X | BX13: Cumple | BY13: X | CA13: Cumple | CB13: X | CD13: Cumple | CE13: X | CG13: Cumple | CH13: X | CJ13: SUBSANO | CK13: X | CM13: SUBSANO
A14: Registro Único Tributario RUT | B14: X | D14: Cumple | E14: X | G14: Cumple | H14: X | J14: Cumple | K14: X | M14: Cumple | N14: X | P14: Cumple | Q14: X | S14: Cumple | T14: X | V14: Cumple | W14: X | Y14: Cumple | Z14: X | AB14: Cumple | AC14: X | AE14: Cumple | AF14: X | AH14: Cumple | AI14: X | AK14: Cumple | AL14: X | AN14: Cumple | AO14: X | AQ14: Cumple | AR14: x | AT14: Cumple | AU14: x | AW14: Cumple | AX14: x | AZ14: Cumple | BA14: x | BC14: Cumple | BD14: x | BF14: Cumple | BG14: X | BI14: Cumple | BJ14: x | BL14: Cumple | BM14: x | BO14: Cumple | BP14: X | BR14: Cumple | BS14: X | BU14: Cumple | BV14: x | BX14: Cumple | BY14: X | CA14: Cumple | CB14: x | CD14: Cumple | CE14: x | CG14: Cumple | CH14: X | CJ14: Cumple | CK14: X | CM14: Cumple
A15: Certificado de inscripción y clasificación en el Registro Único de Proponentes – RUP | B15: X | D15: Cumple | E15: X | G15: Cumple | H15: X | J15: Cumple | K15: X | M15: Cumple | N15: X | P15: Cumple | Q15: X | S15: Cumple | T15: X | V15: Cumple | W15: X | Y15: Cumple | Z15: X | AB15: Cumple | AC15: X | AE15: Cumple | AF15: X | AH15: Cumple | AI15: X | AK15: Cumple | AL15: X | AN15: Cumple | AO15: X | AQ15: Cumple | AR15: x | AT15: Cumple | AU15: x | AW15: Cumple | AX15: X | AZ15: Cumple | BA15: X | BC15: Cumple | BD15: x | BF15: Cumple | BG15: X | BI15: Cumple | BJ15: x | BL15: Cumple | BM15: x | BO15: Cumple | BP15: X | BR15: Cumple | BS15: X | BU15: Cumple | BV15: x | BX15: Cumple | BY15: X | CA15: SUBSANO | CB15: x | CD15: Cumple | CE15: x | CG15: Cumple | CH15: X | CJ15: Cumple | CK15: X | CM15: Cumple
A16: Certificado de no responsabilidad fiscal | B16: X | D16: Cumple | E16: X | G16: Cumple | H16: X | J16: Cumple | K16: X | M16: Cumple | N16: X | P16: Cumple (Verificados por la Entidad para persona jurìdica) | Q16: X | S16: Cumple | T16: X | V16: Cumple | W16: X | Y16: Cumple | Z16: X | AB16: Cumple | AC16: X | AE16: Cumple | AF16: X | AH16: Cumple | AI16: X | AK16: Cumple | AL16: X | AN16: Cumple | AO16: X | AQ16: Cumple | AR16: X | AT16: Cumple | AU16: X | AW16: Cumple | AX16: X | AZ16: Cumple | BA16: X | BC16: Cumple | BD16: X | BF16: Cumple | BG16: X | BI16: Cumple | BJ16: X | BL16: Cumple | BM16: X | BO16: Cumple | BP16: X | BR16: Cumple | BS16: X | BU16: Cumple | BV16: X | BX16: Cumple | BY16: X | CA16: Cumple | CB16: X | CD16: Cumple | CE16: X | CG16: Cumple | CH16: X | CJ16: Cumple | CK16: X | CM16: Cumple
A17: Certificado de antecedentes disciplinarios y judiciales | B17: X | D17: Cumple | E17: X | G17: Cumple | H17: X | J17: Cumple | K17: X | M17: Cumple | N17: X | P17: Cumple (Verificados por la Entidad para persona jurìdica) | Q17: X | S17: Cumple | T17: X | V17: Cumple | W17: X | Y17: Cumple | Z17: X | AB17: Cumple | AC17: X | AE17: Cumple | AF17: X | AH17: Cumple | AI17: X | AK17: Cumple | AL17: X | AN17: Cumple | AO17: X | AQ17: Cumple | AR17: X | AT17: Cumple | AU17: X | AW17: Cumple | AX17: X | AZ17: Cumple | BA17: X | BC17: Cumple | BD17: X | BF17: Cumple | BG17: X | BI17: Cumple | BJ17: X | BL17: Cumple | BM17: X | BO17: Cumple | BP17: X | BR17: Cumple | BS17: X | BU17: Cumple | BV17: X | BX17: Cumple | BY17: X | CA17: Cumple | CB17: X | CD17: Cumple | CE17: X | CG17: Cumple | CH17: X | CJ17: Cumple | CK17: X | CM17: Cumple
A18: Fotocopia de la libreta militar | B18: X | D18: Cumple | E18: X | G18: Cumple | H18: X | J18: Cumple | K18: X | M18: Cumple | N18: X | P18: Cumple | Q18: X | S18: Cumple | T18: X | V18: Cumple | W18: X | Y18: Cumple | Z18: X | AB18: Cumple | AE18: N/A | AF18: X | AH18: Cumple | AI18: X | AK18: Cumple | AL18: X | AN18: Cumple | AO18: X | AQ18: Cumple | AR18: X | AT18: Cumple | AU18: X | AW18: Cumple | AZ18: N/A | BC18: N/A | BF18: N/A | BI18: N/A | BJ18: X | BL18: Cumple | BO18: N/A | BR18: N/A | BS18: X | BU18: CUMPLE | BX18: N/A | CA18: N/A | CB18: X | CD18: Cumple | CG18: N/A | CH18: X | CJ18: Cumple | CK18: X | CM18: Cumple
A19: Fotocopia de la cédula de ciudadanía o Cédula de Extranjería del o los Representantes Legales del Proponente. | D19: N/A | G19: N/A | H19: X | J19: Cumple | K19: X | M19: Cumple | N19: X | P19: Cumple | Q19: X | S19: Cumple | T19: X | V19: Cumple | W19: X | Y19: Cumple | Z19: X | AB19: Cumple | AC19: X | AE19: Cumple | AF19: X | AH19: Cumple | AI19: X | AK19: Cumple | AL19: X | AN19: Cumple | AO19: X | AQ19: Cumple | AT19: N/A | AW19: N/A | AZ19: N/A | BC19: N/A | BF19: N/A | BI19: N/A | BL19: N/A | BO19: N/A | BR19: N/A | BU19: N/A | BX19: N/A | CA19: N/A | CD19: N/A | CG19: N/A | CJ19: N/A | CM19: N/A
A20: Declaración de no estar incurso en la listas nacionales o internacionales de lavado de activos | B20: X | D20: Cumple | E20: X | G20: Cumple | H20: X | J20: Cumple | K20: X | M20: Cumple | N20: X | P20: Cumple | Q20: X | S20: Cumple | T20: X | V20: Cumple | W20: X | Y20: Cumple | Z20: X | AB20: Cumple | AC20: X | AE20: Cumple | AF20: X | AH20: Cumple | AI20: X | AK20: Cumple | AL20: X | AN20: Cumple | AO20: X | AQ20: Cumple | AR20: x | AT20: Cumple | AU20: x | AW20: Cumple | AX20: x | AZ20: Cumple | BA20: x | BC20: Cumple | BD20: x | BF20: Cumple | BG20: x | BI20: Cumple | BJ20: x | BL20: Cumple | BM20: x | BO20: Cumple | BP20: x | BR20: Cumple | BS20: x | BU20: Cumple | BV20: X | BX20: Cumple | BY20: x | CA20: Cumple | CB20: x | CD20: Cumple | CE20: x | CG20: Cumple | CH20: X | CJ20: SUBSANO | CK20: X | CM20: SUBSANO
A21: Certificación de las medidas correctivas en cumplimento al art. 183 de la Ley 1801 de 2016 | B21: X | D21: Cumple | E21: X | G21: Cumple | H21: X | J21: Cumple | K21: X | M21: Cumple | N21: X | P21: Cumple | Q21: X | S21: Cumple | T21: X | V21: Cumple | W21: X | Y21: Cumple | Z21: X | AB21: Cumple | AC21: X | AE21: Cumple | AF21: X | AH21: Cumple | AI21: X | AK21: Cumple | AL21: X | AN21: Cumple | AO21: X | AQ21: Cumple | AR21: x | AT21: Cumple | AU21: x | AW21: Cumple | AX21: x | AZ21: Cumple | BA21: x | BC21: Cumple | BD21: x | BF21: Cumple | BG21: x | BI21: Cumple | BJ21: x | BL21: Cumple | BM21: x | BO21: Cumple | BP21: X | BR21: Cumple | BS21: X | BU21: Cumple | BV21: X | BX21: Cumple | BY21: x | CA21: Cumple | CB21: x | CD21: Cumple | CE21: x | CG21: Cumple | CH21: X | CJ21: Cumple | CK21: X | CM21: Cumple
A22: Certificado sobre multas y sanciones. | B22: X | D22: Cumple | E22: X | G22: Cumple | H22: X | J22: Cumple | K22: X | M22: Cumple | N22: X | P22: Cumple | Q22: X | S22: Cumple | T22: X | V22: Cumple | W22: X | Y22: Cumple | Z22: X | AB22: Cumple | AC22: X | AE22: Cumple | AF22: X | AH22: Cumple | AI22: X | AK22: Cumple | AL22: X | AN22: Cumple | AO22: X | AQ22: Cumple | AR22: x | AT22: Cumple | AU22: x | AW22: Cumple | AX22: x | AZ22: Cumple | BA22: x | BC22: Cumple | BD22: x | BF22: Cumple | BG22: x | BI22: Cumple | BJ22: x | BL22: Cumple | BM22: x | BO22: Cumple | BP22: X | BR22: Cumple | BS22: X | BU22: Cumple | BV22: X | BX22: Cumple | BY22: x | CA22: Cumple | CB22: x | CD22: Cumple | CE22: x | CG22: Cumple | CH22: X | CJ22: Cumple | CK22: X | CM22: Cumple
A23: Cumplimiento de las disposiciones contenidas en el decreto 1072 de 2015 para empresas con máximo diez (10) trabajadores o más de diez (10) trabajadores: | B23: X | D23: Cumple | E23: X | G23: Cumple | H23: X | J23: Cumple | K23: X | M23: Cumple | N23: X | P23: Cumple | Q23: X | S23: Cumple | T23: X | V23: Cumple | W23: X | Y23: Cumple | Z23: X | AB23: Cumple | AC23: X | AE23: Cumple | AF23: X | AH23: Cumple | AI23: X | AK23: Cumple | AL23: X | AN23: Cumple | AO23: X | AQ23: Cumple | AR23: x | AT23: Cumple | AU23: x | AW23: Cumple | AX23: x | AZ23: Cumple | BA23: x | BC23: Cumple | BD23: x | BF23: Cumple | BG23: x | BI23: Cumple | BJ23: x | BL23: Cumple | BM23: x | BO23: Cumple | BP23: x | BR23: Cumple | BS23: x | BU23: Cumple | BV23: X | BX23: Cumple | BY23: x | CA23: Cumple | CB23: x | CD23: Cumple | CE23: x | CG23: Cumple | CH23: X | CJ23: Cumple | CK23: X | CM23: Cumple
A24: RESULTADO EVALUACIÓN | B24: HABILITADO | E24: HABILITADO | H24: HABILITADO | K24: HABILITADO | N24: RECHAZADO | Q24: HABILITADO | T24: HABILITADO | Z24: HABILIADO | AC24: RECHAZADO | AI24: HABILITADO | AO24: HABILITADO | AR24: HABILITADO | AU24: HABILITADO | AX24: HABILITADO | BD24: HABILITADO | BG24: HABILITADO | BM24: HABILITADO | BP24: HABILITADO | BV24: HABILITADO | BY24: HABILITADO | CE24: HABILITADO | CH24: HABILITADO
A25: Abogado apoyo FDLE
A26: Alcaldía Local de Engativá
A28: (ORIGINAL FIRMADO)
A29: MANUEL RICARDO MONTENEGRO ZAMORA
A30: Abogado oficina de contratacion

Sheet EVAL EXPERIENCIA MINIMA HABILIT
B2: LICITACION PUBLICA FDLE-LP-426-2020
B4: EVALUACION EXPERIENCIA MINIMA - HABILITANTE TECNICO
C6: PRESUPUESTO OFICIAL EN PESOS | D6: 636546318
C7: SALARIO MINIMO MENSUAL LEGAL VIGENTE | D7: 877803
C8: PRESUPUESTO OFICIAL EN SMMLV | D8: =D6/D7 -> 725.15851
D10: 0
L12: 37882
B13: No. | C13: PROPONENTE | D13: PARTICIPACION | E13: REPRESENTANTE LEGAL | G13: OFERENTE | H13: No. CONTRATO | I13: AÑO | J13: FECHA DE INICIO DIA/MES/AÑO | K13: FECHA DE TERMINACION DIA/MES/AÑO | L13: CONTRATOS INICIADOS, EJECUTADOS Y TERMINADOS DURANTE LOS ULTIMOS DIEZ AÑOS ANTERIORES A LA FECHA DE CIERRE DEL PRESENTE PROCESO. FECHA DE CIERRE 18 DE SEPTIEMBRE DE 2018. FECHA ANTERIOR 18 DE SEPTIEMBRE 2018 | M13: ENTIDAD | N13: VALOR CONTRATO | O13: VALOR SMMLV AÑO DE TERMINACION | P13: PORCENTAJE DE PARTICIPACION | Q13: VALOR EJECUTADO EN PESOS AFECTADO POR EL % DE PARTICIPACION | S13: VALOR EJECUTADO EN SMMLV AFECTADO POR EL % DE PARTICIPACION | T13: % DEL P.O. DISCAPACIDAD | U13: No. CONSECUTIVO EN RUP | V13: No. CONTRATOS | W13: LA SUMA DE LOS CONTRATOS DEBE SER IGUAL O SUPERIOR AL 100% DEL PRESUPUESTO OFICIAL | Y13: OFERENTE | Z13: ESTADO FINAL | AB13: OBSERVACIONES
B15: 1 | C15: =+'CONSOLIDADO HABILITANTES'!C9 -> 1. ANSE LTDA | G15: =+IF(C15="","",IF(C16="",C15,C16)) -> 1. ANSE LTDA | H15: 2382 | I15: 2013 | J15: 41508 | K15: 41973 | L15: =IF(K15="","",IF(K15<$L$12,"NO CUMPLE","CUMPLE")) -> CUMPLE | M15: GOBERNACION DE BOYACA | N15: 2564121534 | O15: =IF(K15="","",N15/(VLOOKUP(YEAR(K15),$AK$122:$AL$151,2,FALSE))) -> 4162.535 | P15: 1 | Q15: =+IF(C15="","",P15*N15) -> 2564121534 | S15: =+IF(N15="","",P15*O15) -> 4162.535 | T15: =(SUM(S15:S18))/$D$8 -> 10.442185 | V15: =+IF(C15="","",COUNT(S15:S18)) -> 3 | W15: =IF(C15="","",IF(S19>=$D$8,"CUMPLE","NO CUMPLE")) -> CUMPLE
H16: 20190001 | I16: 2019 | J16: 43468 | K16: 43832 | L16: =IF(K16="","",IF(K16<$L$12,"NO CUMPLE","CUMPLE")) -> CUMPLE | M16: MUNICICIO DE SOGAMOSO | N16: 2617793146 | O16: =IF(K16="","",N16/(VLOOKUP(YEAR(K16),$AK$122:$AL$153,2,FALSE))) -> 2982.2103 | P16: 1 | Q16: =+IF(C15="","",P16*N16) -> 2617793146 | R16: =C16 -> 0 | S16: =+IF(N16="","",P16*O16) -> 2982.2103
H17: 162 | I17: 2018 | J17: 43344 | K17: 43449 | L17: =IF(K17="","",IF(K17<$L$12,"NO CUMPLE","CUMPLE")) -> CUMPLE | M17: SUPERSALUD | N17: 333976514 | O17: =IF(K17="","",N17/(VLOOKUP(YEAR(K17),$AK$122:$AL$151,2,FALSE))) -> 427.49432 | P17: 1 | Q17: =+IF(C15="","",P17*N17) -> 333976514 | R17: =C16 -> 0 | S17: =+IF(N17="","",P17*O17) -> 427.49432
L18: =IF(K18="","",IF(K18<$L$12,"NO CUMPLE","CUMPLE")) | O18: =IF(K18="","",N18/(VLOOKUP(YEAR(K18),$AK$122:$AL$151,2,FALSE))) | Q18: =+IF(C15="","",P18*N18) -> 0 | R18: =C16 -> 0 | S18: =+IF(N18="","",P18*O18)
D19: =IF(SUM(D16:D18)=100%,"100%",IF(SUM(D16:D18)=0,"","NO CUMPLE")) | S19: =SUM(S15:S18) -> 7572.2396
B21: 2 | C21: =+'CONSOLIDADO HABILITANTES'!C10 -> 2. DINA POWER LTDA | G21: =+IF(C21="","",IF(C22="",C21,C22)) -> 2. DINA POWER LTDA | H21: 159 | I21: 2020 | J21: 43894 | K21: 43902 | L21: =IF(K21="","",IF(K21<$L$12,"NO CUMPLE","CUMPLE")) -> CUMPLE | M21: ALCLADIA DE TENJO | N21: 23416039 | O21: =IF(K21="","",N21/(VLOOKUP(YEAR(K21),$AK$122:$AL$153,2,FALSE))) -> 26.675734 | P21: 1 | Q21: =+IF(C21="","",P21*N21) -> 23416039 | S21: =+IF(N21="","",P21*O21) -> 26.675734 | T21: =(SUM(S21:S24))/$D$8 -> 4.3937578 | W21: =IF(C21="","",IF(S25>=$D$8,"CUMPLE","NO CUMPLE")) -> CUMPLE | Y21: =C21 -> 2. DINA POWER LTDA | Z21: NO CUMPLE
H22: 012 | I22: 2016 | J22: 42643 | K22: 43372 | L22: =IF(K22="","",IF(K22<$L$12,"NO CUMPLE","CUMPLE")) -> CUMPLE | M22: PLAZA DE PALOQUEMAO | N22: 2250222107 | O22: =IF(K22="","",N22/(VLOOKUP(YEAR(K22),$AK$122:$AL$151,2,FALSE))) -> 2880.3138 | P22: 1 | Q22: =+IF(C21="","",P22*N22) -> 2250222107 | S22: =+IF(N22="","",P22*O22) -> 2880.3138
H23: 009 | I23: 2016 | J23: 42401 | K23: 42460 | L23: =IF(K23="","",IF(K23<$L$12,"NO CUMPLE","CUMPLE")) -> CUMPLE | M23: SUB RED SUR | N23: 192482968 | O23: =IF(K23="","",N23/(VLOOKUP(YEAR(K23),$AK$122:$AL$151,2,FALSE))) -> 279.18134 | P23: 1 | Q23: =+IF(C21="","",P23*N23) -> 192482968 | R23: =C23 -> 0 | S23: =+IF(N23="","",P23*O23) -> 279.18134
L24: =IF(K24="","",IF(K24<$L$12,"NO CUMPLE","CUMPLE")) | O24: =IF(K24="","",N24/(VLOOKUP(YEAR(K24),$AK$122:$AL$151,2,FALSE))) | Q24: =+IF(C21="","",P24*N24) -> 0 | R24: =C23 -> 0 | S24: =+IF(N24="","",P24*O24)
D25: 1 | S25: =SUM(S21:S24) -> 3186.1709
B29: 3 | C29: =+'CONSOLIDADO HABILITANTES'!C11 -> 3. VIPCOL LTDA | G29: =+IF(C29="","",IF(C30="",C29,C30)) -> 3. VIPCOL LTDA | H29: 1551 | I29: 2017 | J29: 42874 | K29: 43174 | L29: =IF(K29="","",IF(K29<$L$12,"NO CUMPLE","CUMPLE")) -> CUMPLE | M29: DA MUNICIPIO DE ARMENIA | N29: 3733637789 | O29: =IF(K29="","",N29/(VLOOKUP(YEAR(K29),$AK$122:$AL$151,2,FALSE))) -> 4779.1053 | P29: 1 | Q29: =+IF(C29="","",P29*N29) -> 3733637789 | S29: =+IF(N29="","",P29*O29) -> 4779.1053 | T29: =(SUM(S29:S32))/$D$8 -> 21.011311 | W29: =IF(C29="","",IF(S33>=$D$8,"CUMPLE","NO CUMPLE")) -> CUMPLE | Y29: =C29 -> 3. VIPCOL LTDA | Z29: NO CUMPLE | AB29: SE SOLICITA UN TOTAL DE TRES CONTRATOS Y EL PROPOENENTE SOLO ANEXA 2
H30: 1573 | I30: 2018 | J30: 43175 | K30: 43570 | L30: =IF(K30="","",IF(K30<$L$12,"NO CUMPLE","CUMPLE")) -> CUMPLE | M30: DA MUNICIPIO DE ARMENIA | N30: 12371373863 | O30: =IF(K30="","",N30/(VLOOKUP(YEAR(K30),$AK$122:$AL$155,2,FALSE))) -> 14939.18 | P30: 0.7 | Q30: =+IF(C29="","",P30*N30) -> 8.6599617e+09 | R30: =C30 -> 0 | S30: =+IF(N30="","",P30*O30) -> 10457.426
L31: =IF(K31="","",IF(K31<$L$12,"NO CUMPLE","CUMPLE")) | O31: =IF(K31="","",N31/(VLOOKUP(YEAR(K31),$AK$122:$AL$151,2,FALSE))) | Q31: =+IF(C29="","",P31*N31) -> 0 | R31: =C30 -> 0 | S31: =+IF(N31="","",P31*O31)
L32: =IF(K32="","",IF(K32<$L$12,"NO CUMPLE","CUMPLE")) | O32: =IF(K32="","",N32/(VLOOKUP(YEAR(K32),$AK$122:$AL$151,2,FALSE))) | Q32: =+IF(C29="","",P32*N32) -> 0 | S32: =+IF(N32="","",P32*O32)
D33: =IF(SUM(D30:D32)=100%,"100%",IF(SUM(D30:D32)=0,"","NO CUMPLE")) | S33: =SUM(S29:S32) -> 15236.531
B36: 4 | C36: =+'CONSOLIDADO HABILITANTES'!C12 -> 4. AZC LTDA | G36: =+IF(C36="","",IF(C37="",C36,C37)) -> 4. AZC LTDA | H36: 779 | I36: 2016 | J36: 42524 | K36: 42900 | L36: =IF(K36="","",IF(K36<$L$12,"NO CUMPLE","CUMPLE")) -> CUMPLE | M36: GOBERNACION DEL CASANARE | N36: 1813084772 | O36: =IF(K36="","",N36/(VLOOKUP(YEAR(K36),$AK$122:$AL$151,2,FALSE))) -> 2457.6969 | P36: 1 | Q36: =+IF(C36="","",P36*N36) -> 1813084772 | S36: =+IF(N36="","",P36*O36) -> 2457.6969 | T36: =(SUM(S36:S39))/$D$8 -> 7.9058307 | W36: =IF(C36="","",IF(S40>=$D$8,"CUMPLE","NO CUMPLE")) -> CUMPLE | Y36: =C36 -> 4. AZC LTDA
H37: 863 | I37: 2015 | J37: 42091 | K37: 42425 | L37: =IF(K37="","",IF(K37<$L$12,"NO CUMPLE","CUMPLE")) -> CUMPLE | M37: GOBERNACION DEL CASANARE | N37: 1557643689 | O37: =IF(K37="","",N37/(VLOOKUP(YEAR(K37),$AK$122:$AL$151,2,FALSE))) -> 2259.2391 | P37: 1 | Q37: =+IF(C36="","",P37*N37) -> 1557643689 | R37: =C37 -> 0 | S37: =+IF(N37="","",P37*O37) -> 2259.2391
H38: 1306 | I38: 2017 | J38: 42901 | K38: 43053 | L38: =IF(K38="","",IF(K38<$L$12,"NO CUMPLE","CUMPLE")) -> CUMPLE | M38: GOBERNACION DEL CASANARE | N38: 749553250 | O38: =IF(K38="","",N38/(VLOOKUP(YEAR(K38),$AK$122:$AL$151,2,FALSE))) -> 1016.0444 | P38: 1 | Q38: =+IF(C36="","",P38*N38) -> 749553250 | R38: =C37 -> 0 | S38: =+IF(N38="","",P38*O38) -> 1016.0444
L39: =IF(K39="","",IF(K39<$L$12,"NO CUMPLE","CUMPLE")) | O39: =IF(K39="","",N39/(VLOOKUP(YEAR(K39),$AK$122:$AL$151,2,FALSE))) | Q39: =+IF(C36="","",P39*N39) -> 0 | R39: =C37 -> 0 | S39: =+IF(N39="","",P39*O39)
D40: =IF(SUM(D37:D39)=100%,"100%",IF(SUM(D37:D39)=0,"","NO CUMPLE")) | S40: =SUM(S36:S39) -> 5732.9804
B43: 5 | C43: =+'CONSOLIDADO HABILITANTES'!C13 -> 5. SEGURIDAD THOR LTDA | G43: =+IF(C43="","",IF(C44="",C43,C44)) -> 5. SEGURIDAD THOR LTDA | H43: 300 | I43: 2018 | J43: 43280 | K43: 43464 | L43: =IF(K43="","",IF(K43<$L$12,"NO CUMPLE","CUMPLE")) -> CUMPLE | M43: ERT | N43: 374636789 | O43: =IF(K43="","",N43/(VLOOKUP(YEAR(K43),$AK$122:$AL$151,2,FALSE))) -> 479.54 | P43: 1 | Q43: =+IF(C43="","",P43*N43) -> 374636789 | S43: =+IF(N43="","",P43*O43) -> 479.54 | T43: =(SUM(S43:S46))/$D$8 -> 1.4715719 | W43: =IF(C43="","",IF(S47>=$D$8,"CUMPLE","NO CUMPLE")) -> CUMPLE | Y43: =C43 -> 5. SEGURIDAD THOR LTDA
I44: 2017 | J44: 43038 | K44: 43349 | L44: =IF(K44="","",IF(K44<$L$12,"NO CUMPLE","CUMPLE")) -> CUMPLE | M44: IDEAS | N44: 253448352 | O44: =IF(K44="","",N44/(VLOOKUP(YEAR(K44),$AK$122:$AL$151,2,FALSE))) -> 324.41721 | P44: 1 | Q44: =+IF(C43="","",P44*N44) -> 253448352 | R44: =C44 -> 0 | S44: =+IF(N44="","",P44*O44) -> 324.41721
I45: 2017 | J45: 43038 | K45: 43312 | L45: =IF(K45="","",IF(K45<$L$12,"NO CUMPLE","CUMPLE")) -> CUMPLE | M45: ITFIT | N45: 205596087 | O45: =IF(K45="","",N45/(VLOOKUP(YEAR(K45),$AK$122:$AL$151,2,FALSE))) -> 263.16569 | P45: 1 | Q45: =+IF(C43="","",P45*N45) -> 205596087 | R45: =C44 -> 0 | S45: =+IF(N45="","",P45*O45) -> 263.16569
L46: =IF(K46="","",IF(K46<$L$12,"NO CUMPLE","CUMPLE")) | O46: =IF(K46="","",N46/(VLOOKUP(YEAR(K46),$AK$122:$AL$151,2,FALSE))) | Q46: =+IF(C43="","",P46*N46) -> 0 | R46: =C44 -> 0 | S46: =+IF(N46="","",P46*O46)
D47: =IF(SUM(D43:D46)=100%,"100%",IF(SUM(D44:D46)=0,"","NO CUMPLE")) | S47: =SUM(S43:S46) -> 1067.1229
B49: 6 | C49: =+'CONSOLIDADO HABILITANTES'!C14 -> 6. COOVIAM CTA | G49: =+IF(C49="","",IF(C50="",C49,C50)) -> 6. COOVIAM CTA | H49: 339 | I49: 2015 | J49: 42160 | K49: 42538 | L49: =IF(K49="","",IF(K49<$L$12,"NO CUMPLE","CUMPLE")) -> CUMPLE | M49: S G ALCALDIA MAYOR DE BOGOTA | N49: 5434572882 | O49: =IF(K49="","",N49/(VLOOKUP(YEAR(K49),$AK$122:$AL$151,2,FALSE))) -> 7882.4186 | P49: 1 | Q49: =+IF(C49="","",P49*N49) -> 5434572882 | S49: =+IF(N49="","",P49*O49) -> 7882.4186 | T49: =(SUM(S49:S52))/$D$8 -> 16.901587 | W49: =IF(C49="","",IF(S53>=$D$8,"CUMPLE","NO CUMPLE")) -> CUMPLE | Y49: =C49 -> 6. COOVIAM CTA
H50: 869 | I50: 2017 | J50: 43090 | K50: 43435 | L50: =IF(K50="","",IF(K50<$L$12,"NO CUMPLE","CUMPLE")) -> CUMPLE | M50: SERVICIO GEOLOGICO DE COLOMBIA | N50: 2302447909 | O50: =IF(K50="","",N50/(VLOOKUP(YEAR(K50),$AK$122:$AL$151,2,FALSE))) -> 2947.1635 | P50: 1 | Q50: =+IF(C49="","",P50*N50) -> 2302447909 | R50: =C50 -> 0 | S50: =+IF(N50="","",P50*O50) -> 2947.1635
H51: 209 | I51: 2018 | J51: 43461 | K51: 43777 | L51: =IF(K51="","",IF(K51<$L$12,"NO CUMPLE","CUMPLE")) -> CUMPLE | M51: JURISDICCION ESPECIAL PARA LA PAZ | N51: 1181512668 | O51: =IF(K51="","",N51/(VLOOKUP(YEAR(K51),$AK$122:$AL$155,2,FALSE))) -> 1426.7478 | P51: 1 | Q51: =+IF(C49="","",P51*N51) -> 1181512668 | R51: =C50 -> 0 | S51: =+IF(N51="","",P51*O51) -> 1426.7478
L52: =IF(K52="","",IF(K52<$L$12,"NO CUMPLE","CUMPLE")) | O52: =IF(K52="","",N52/(VLOOKUP(YEAR(K52),$AK$122:$AL$151,2,FALSE))) | Q52: =+IF(C49="","",P52*N52) -> 0 | R52: =C50 -> 0 | S52: =+IF(N52="","",P52*O52)
D53: =IF(SUM(D49:D52)=100%,"100%",IF(SUM(D50:D52)=0,"","NO CUMPLE")) | S53: =SUM(S49:S52) -> 12256.33
B55: 7 | C55: =+'CONSOLIDADO HABILITANTES'!C15 -> 7. UT VITEC 2020 | G55: =+IF(C55="","",IF(C56="",C55,C56)) -> VIGILISTA | H55: 003 | I55: 2019 | J55: 43467 | K55: 43830 | L55: =IF(K55="","",IF(K55<$L$12,"NO CUMPLE","CUMPLE")) -> CUMPLE | M55: ESE TUNDAMA | N55: 126270732 | O55: =IF(K55="","",N55/(VLOOKUP(YEAR(K55),$AK$122:$AL$155,2,FALSE))) -> 152.47952 | P55: 1 | Q55: =+IF(C55="","",P55*N55) -> 126270732 | S55: =+IF(N55="","",P55*O55) -> 152.47952 | T55: =(SUM(S55:S58))/$D$8 -> 3.25833 | W55: =IF(C55="","",IF(S59>=$D$8,"CUMPLE","NO CUMPLE")) -> CUMPLE | Y55: =C55 -> 7. UT VITEC 2020
C56: VIGILISTA | D56: 0.5 | H56: 002 | I56: 2019 | J56: 43556 | K56: 43769 | L56: =IF(K56="","",IF(K56<$L$12,"NO CUMPLE","CUMPLE")) -> CUMPLE | M56: ESE CHIQUINQUIRA | N56: 270007010 | O56: =IF(K56="","",N56/(VLOOKUP(YEAR(K56),$AK$122:$AL$155,2,FALSE))) -> 326.04974 | P56: 1 | Q56: =+IF(C55="","",P56*N56) -> 270007010 | R56: =C56 -> VIGILISTA | S56: =+IF(N56="","",P56*O56) -> 326.04974
C57: TEGNOLOGIAS INTEGRALES DE SEGURIDAD | D57: 0.5 | G57: =+IF(C55="","",IF(C57="",C55,C57)) -> TEGNOLOGIAS INTEGRALES DE SEGURIDAD | H57: 617038 | I57: 2018 | J57: 43411 | K57: 43649 | L57: =IF(K57="","",IF(K57<$L$12,"NO CUMPLE","CUMPLE")) -> CUMPLE | M57: ALCALDIA MAYOR DE BOGOTA | N57: =1365702695+40433496+154263325 -> 1560399516 | O57: =IF(K57="","",N57/(VLOOKUP(YEAR(K57),$AK$122:$AL$155,2,FALSE))) -> 1884.2765 | P57: 1 | Q57: =+IF(C55="","",P57*N57) -> 1560399516 | R57: =C56 -> VIGILISTA | S57: =+IF(N57="","",P57*O57) -> 1884.2765
L58: =IF(K58="","",IF(K58<$L$12,"NO CUMPLE","CUMPLE")) | O58: =IF(K58="","",N58/(VLOOKUP(YEAR(K58),$AK$122:$AL$151,2,FALSE))) | Q58: =+IF(C55="","",P58*N58) -> 0 | R58: =C56 -> VIGILISTA | S58: =+IF(N58="","",P58*O58)
D59: =IF(SUM(D55:D58)=100%,"100%",IF(SUM(D56:D58)=0,"","NO CUMPLE")) -> 100% | S59: =SUM(S55:S58) -> 2362.8058
B61: 8 | C61: =+'CONSOLIDADO HABILITANTES'!C16 -> 8. COVISUR DE COLOMBIA | G61: =+IF(C61="","",IF(C62="",C61,C62)) -> 8. COVISUR DE COLOMBIA | H61: 244 | I61: 2012 | J61: 41259 | K61: 41993 | L61: =IF(K61="","",IF(K61<$L$12,"NO CUMPLE","CUMPLE")) -> CUMPLE | M61: AERONAUTICA CIVIL | N61: 9382997796 | O61: =IF(K61="","",N61/(VLOOKUP(YEAR(K61),$AK$122:$AL$151,2,FALSE))) -> 15232.139 | P61: 0.5 | Q61: =+IF(C61="","",P61*N61) -> 4691498898 | S61: =+IF(N61="","",P61*O61) -> 7616.0696 | T61: =(SUM(S61:S64))/$D$8 -> 17.212967 | W61: =IF(C61="","",IF(S65>=$D$8,"CUMPLE","NO CUMPLE")) -> CUMPLE | Y61: =C61 -> 8. COVISUR DE COLOMBIA
H62: 352 | I62: 2014 | J62: 41974 | K62: 42704 | L62: =IF(K62="","",IF(K62<$L$12,"NO CUMPLE","CUMPLE")) -> CUMPLE | M62: MEDICINA LEGAL | N62: 10455540671 | O62: =IF(K62="","",N62/(VLOOKUP(YEAR(K62),$AK$122:$AL$151,2,FALSE))) -> 15164.936 | P62: 0.25 | Q62: =+IF(C61="","",P62*N62) -> 2.6138852e+09 | R62: =C62 -> 0 | S62: =+IF(N62="","",P62*O62) -> 3791.2339
H63: 117 | I63: 2012 | J63: 41255 | K63: 41554 | L63: =IF(K63="","",IF(K63<$L$12,"NO CUMPLE","CUMPLE")) -> CUMPLE | M63: DEPARTAMENTO DE CUNDINAMARCA | N63: 1267219769 | O63: =IF(K63="","",N63/(VLOOKUP(YEAR(K63),$AK$122:$AL$151,2,FALSE))) -> 2149.6519 | P63: 0.5 | Q63: =+IF(C61="","",P63*N63) -> 6.3360988e+08 | R63: =C62 -> 0 | S63: =+IF(N63="","",P63*O63) -> 1074.8259
L64: =IF(K64="","",IF(K64<$L$12,"NO CUMPLE","CUMPLE")) | O64: =IF(K64="","",N64/(VLOOKUP(YEAR(K64),$AK$122:$AL$151,2,FALSE))) | Q64: =+IF(C61="","",P64*N64) -> 0 | R64: =C62 -> 0 | S64: =+IF(N64="","",P64*O64)
D65: =IF(SUM(D61:D64)=100%,"100%",IF(SUM(D62:D64)=0,"","NO CUMPLE")) | S65: =SUM(S61:S64) -> 12482.129
B67: 9 | C67: =+'CONSOLIDADO HABILITANTES'!C17 -> 9. UNION TEMPORAL ENGATIVA JP 2020 | G67: =+IF(C67="","",IF(C68="",C67,C68)) -> COMPAÑÍA DE VIGILANCIA PPH LIMITADA | L67: =IF(K67="","",IF(K67<$L$12,"NO CUMPLE","CUMPLE")) | O67: =IF(K67="","",N67/(VLOOKUP(YEAR(K67),$AK$122:$AL$151,2,FALSE))) | Q67: =+IF(C67="","",P67*N67) -> 0 | S67: =+IF(N67="","",P67*O67) | T67: =(SUM(S67:S71))/$D$8 -> 43.674463 | W67: =IF(C67="","",IF(S72>=$D$8,"CUMPLE","NO CUMPLE")) -> CUMPLE | Y67: =C67 -> 9. UNION TEMPORAL ENGATIVA JP 2020
C68: COMPAÑÍA DE VIGILANCIA PPH LIMITADA | D68: 0.5 | L68: =IF(K68="","",IF(K68<$L$12,"NO CUMPLE","CUMPLE")) | O68: =IF(K68="","",N68/(VLOOKUP(YEAR(K68),$AK$122:$AL$151,2,FALSE))) | Q68: =+IF(C67="","",P68*N68) -> 0 | R68: =C68 -> COMPAÑÍA DE VIGILANCIA PPH LIMITADA | S68: =+IF(N68="","",P68*O68)
C69: SEGURIDAD JANO LTDA | D69: 0.5 | G69: =+IF(C67="","",IF(C69="",C67,C69)) -> SEGURIDAD JANO LTDA | H69: 1332 | I69: 2014 | J69: 42006 | K69: 42400 | L69: =IF(K69="","",IF(K69<$L$12,"NO CUMPLE","CUMPLE")) -> CUMPLE | M69: DEPARTAMENTO DEL META | N69: 7458311965 | O69: =IF(K69="","",N69/(VLOOKUP(YEAR(K69),$AK$122:$AL$151,2,FALSE))) -> 10817.692 | P69: 1 | Q69: =+IF(C67="","",P69*N69) -> 7458311965 | R69: =C68 -> COMPAÑÍA DE VIGILANCIA PPH LIMITADA | S69: =+IF(N69="","",P69*O69) -> 10817.692
H70: 142 | I70: 2014 | J70: 41663 | K70: 42004 | L70: =IF(K70="","",IF(K70<$L$12,"NO CUMPLE","CUMPLE")) -> CUMPLE | M70: DEPARTAMENTO DEL META | N70: 6156070676 | O70: =IF(K70="","",N70/(VLOOKUP(YEAR(K70),$AK$122:$AL$151,2,FALSE))) -> 9993.6212 | P70: 1 | Q70: =+IF(C68="","",P70*N70) -> 6156070676 | R70: =C69 -> SEGURIDAD JANO LTDA | S70: =+IF(N70="","",P70*O70) -> 9993.6212
H71: 1016 | I71: 2016 | J71: 42739 | K71: 43100 | L71: =IF(K71="","",IF(K71<$L$12,"NO CUMPLE","CUMPLE")) -> CUMPLE | M71: DEPARTAMENTO DEL META | N71: 8011308000 | O71: =IF(K71="","",N71/(VLOOKUP(YEAR(K71),$AK$122:$AL$151,2,FALSE))) -> 10859.595 | P71: 1 | Q71: =+IF(C67="","",P71*N71) -> 8011308000 | R71: =C68 -> COMPAÑÍA DE VIGILANCIA PPH LIMITADA | S71: =+IF(N71="","",P71*O71) -> 10859.595
D72: =IF(SUM(D67:D71)=100%,"100%",IF(SUM(D68:D71)=0,"","NO CUMPLE")) -> 100% | S72: =SUM(S67:S71) -> 31670.909
B75: 10 | C75: =+'CONSOLIDADO HABILITANTES'!C18 -> 10. UNIÓN TEMPORAL S.A. 2020 | G75: =+IF(C75="","",IF(C76="",C75,C76)) -> ADPORT | H75: 010 | I75: 2015 | J75: 42217 | K75: 42947 | L75: =IF(K75="","",IF(K75<$L$12,"NO CUMPLE","CUMPLE")) -> CUMPLE | M75: URBANIZACION NUEVA SANTA FE DE BOGOTA | N75: 681535698 | O75: =IF(K75="","",N75/(VLOOKUP(YEAR(K75),$AK$122:$AL$151,2,FALSE))) -> 923.84437 | P75: 1 | Q75: =+IF(C75="","",P75*N75) -> 681535698 | S75: =+IF(N75="","",P75*O75) -> 923.84437 | T75: =(SUM(S75:S78))/$D$8 -> 3.60181 | W75: =IF(C75="","",IF(S79>=$D$8,"CUMPLE","NO CUMPLE")) -> CUMPLE | Y75: =C75 -> 10. UNIÓN TEMPORAL S.A. 2020
C76: ADPORT | D76: 0.5 | H76: 023 | I76: 2017 | J76: 42887 | K76: 43251 | L76: =IF(K76="","",IF(K76<$L$12,"NO CUMPLE","CUMPLE")) -> CUMPLE | M76: MULTIFAMILIAR DEL RINCON | N76: 326099227 | O76: =IF(K76="","",N76/(VLOOKUP(YEAR(K76),$AK$122:$AL$151,2,FALSE))) -> 417.41128 | P76: 1 | Q76: =+IF(C75="","",P76*N76) -> 326099227 | R76: =C76 -> ADPORT | S76: =+IF(N76="","",P76*O76) -> 417.41128
C77: SERVICONCEL | D77: 0.5 | G77: =+IF(C75="","",IF(C77="",C75,C77)) -> SERVICONCEL | H77: 227 | I77: 2018 | J77: 43250 | K77: 43584 | L77: =IF(K77="","",IF(K77<$L$12,"NO CUMPLE","CUMPLE")) -> CUMPLE | M77: FDLE | N77: =765256005+191314002+95657001 -> 1052227008 | O77: =IF(K77="","",N77/(VLOOKUP(YEAR(K77),$AK$122:$AL$154,2,FALSE))) -> 1270.6276 | P77: 1 | Q77: =+IF(C75="","",P77*N77) -> 1052227008 | R77: =C76 -> ADPORT | S77: =+IF(N77="","",P77*O77) -> 1270.6276
L78: =IF(K78="","",IF(K78<$L$12,"NO CUMPLE","CUMPLE")) | O78: =IF(K78="","",N78/(VLOOKUP(YEAR(K78),$AK$122:$AL$151,2,FALSE))) | Q78: =+IF(C75="","",P78*N78) -> 0 | R78: =C76 -> ADPORT | S78: =+IF(N78="","",P78*O78)
D79: =IF(SUM(D75:D78)=100%,"100%",IF(SUM(D76:D78)=0,"","NO CUMPLE")) -> 100% | S79: =SUM(S75:S78) -> 2611.8832
B81: 11 | C81: =+'CONSOLIDADO HABILITANTES'!C19 -> 11. SEGURIDAD COSMOS LTDA | G81: =+IF(C81="","",IF(C82="",C81,C82)) -> 11. SEGURIDAD COSMOS LTDA | I81: 2011 | J81: 40695 | K81: 41516 | L81: =IF(K81="","",IF(K81<$L$12,"NO CUMPLE","CUMPLE")) -> CUMPLE | M81: ED NORTH POINT | N81: 696109871 | O81: =IF(K81="","",N81/(VLOOKUP(YEAR(K81),$AK$122:$AL$151,2,FALSE))) -> 1180.848 | P81: 1 | Q81: =+IF(C81="","",P81*N81) -> 696109871 | S81: =+IF(N81="","",P81*O81) -> 1180.848 | T81: =(SUM(S81:S84))/$D$8 -> 9.4727331 | W81: =IF(C81="","",IF(S85>=$D$8,"CUMPLE","NO CUMPLE")) -> CUMPLE | Y81: =C81 -> 11. SEGURIDAD COSMOS LTDA
I82: 2016 | J82: 42604 | K82: 43890 | L82: =IF(K82="","",IF(K82<$L$12,"NO CUMPLE","CUMPLE")) -> CUMPLE | M82: CON HACIENDA SANTA BARBARA | N82: 2875830341 | O82: =IF(K82="","",N82/(VLOOKUP(YEAR(K82),$AK$122:$AL$154,2,FALSE))) -> 3276.1683 | P82: 1 | Q82: =+IF(C81="","",P82*N82) -> 2875830341 | R82: =C82 -> 0 | S82: =+IF(N82="","",P82*O82) -> 3276.1683
H83: 1201 | I83: 2018 | J83: 43412 | K83: 43784 | L83: =IF(K83="","",IF(K83<$L$12,"NO CUMPLE","CUMPLE")) -> CUMPLE | M83: MUNICIPIO DE SOHACHA | N83: 6658651069 | O83: =IF(K83="","",N83/(VLOOKUP(YEAR(K83),$AK$122:$AL$154,2,FALSE))) -> 8040.7226 | P83: 0.3 | Q83: =+IF(C81="","",P83*N83) -> 1.9975953e+09 | R83: =C82 -> 0 | S83: =+IF(N83="","",P83*O83) -> 2412.2168
L84: =IF(K84="","",IF(K84<$L$12,"NO CUMPLE","CUMPLE")) | O84: =IF(K84="","",N84/(VLOOKUP(YEAR(K84),$AK$122:$AL$151,2,FALSE))) | Q84: =+IF(C81="","",P84*N84) -> 0 | R84: =C82 -> 0 | S84: =+IF(N84="","",P84*O84)
D85: =IF(SUM(D82:D84)=100%,"100%",IF(SUM(D82:D84)=0,"","NO CUMPLE")) | S85: =SUM(S81:S84) -> 6869.233
B87: 12 | C87: =+'CONSOLIDADO HABILITANTES'!C20 -> 12. MEGASEGURIDAD LA PROVEEDORA | G87: =+IF(C87="","",IF(C88="",C87,C88)) -> 12. MEGASEGURIDAD LA PROVEEDORA | H87: 12039 | I87: 2016 | J87: 42662 | K87: 42826 | L87: =IF(K87="","",IF(K87<$L$12,"NO CUMPLE","CUMPLE")) -> CUMPLE | M87: SDIS | N87: 2625246592 | O87: =IF(K87="","",N87/(VLOOKUP(YEAR(K87),$AK$122:$AL$151,2,FALSE))) -> 3558.6093 | P87: 1 | Q87: =+IF(C87="","",P87*N87) -> 2625246592 | S87: =+IF(N87="","",P87*O87) -> 3558.6093 | T87: =(SUM(S87:S90))/$D$8 -> 33.263475 | W87: =IF(C87="","",IF(S91>=$D$8,"CUMPLE","NO CUMPLE")) -> CUMPLE | Y87: =C87 -> 12. MEGASEGURIDAD LA PROVEEDORA
H88: 01 | I88: 2014 | J88: 41974 | K88: 42704 | L88: =IF(K88="","",IF(K88<$L$12,"NO CUMPLE","CUMPLE")) -> CUMPLE | M88: FISCALIA | N88: 2666523603 | O88: =IF(K88="","",N88/(VLOOKUP(YEAR(K88),$AK$122:$AL$151,2,FALSE))) -> 3867.5818 | P88: 1 | Q88: =+IF(C87="","",P88*N88) -> 2666523603 | R88: =C88 -> 0 | S88: =+IF(N88="","",P88*O88) -> 3867.5818
H89: 957 | I89: 2017 | J89: 42948 | K89: 43463 | L89: =IF(K89="","",IF(K89<$L$12,"NO CUMPLE","CUMPLE")) -> CUMPLE | M89: SENA | N89: 26085827960 | O89: =IF(K89="","",N89/(VLOOKUP(YEAR(K89),$AK$122:$AL$151,2,FALSE))) -> 33390.202 | P89: 0.5 | Q89: =+IF(C87="","",P89*N89) -> 13042913980 | R89: =C88 -> 0 | S89: =+IF(N89="","",P89*O89) -> 16695.101
L90: =IF(K90="","",IF(K90<$L$12,"NO CUMPLE","CUMPLE")) | O90: =IF(K90="","",N90/(VLOOKUP(YEAR(K90),$AK$122:$AL$151,2,FALSE))) | Q90: =+IF(C87="","",P90*N90) -> 0 | R90: =C88 -> 0 | S90: =+IF(N90="","",P90*O90)
D91: =IF(SUM(D87:D90)=100%,"100%",IF(SUM(D88:D90)=0,"","NO CUMPLE")) | S91: =SUM(S87:S90) -> 24121.292
B93: 13 | C93: =+'CONSOLIDADO HABILITANTES'!C21 -> 13. SEGURIDAD NUEVA ERA | G93: =+IF(C93="","",IF(C94="",C93,C94)) -> 13. SEGURIDAD NUEVA ERA | H93: 24157888 | I93: 2015 | J93: 42293 | K93: 42655 | L93: =IF(K93="","",IF(K93<$L$12,"NO CUMPLE","CUMPLE")) -> CUMPLE | M93: IDEAM | N93: 1780346573 | O93: =IF(K93="","",N93/(VLOOKUP(YEAR(K93),$AK$122:$AL$151,2,FALSE))) -> 2582.252 | P93: 1 | Q93: =+IF(C93="","",P93*N93) -> 1780346573 | S93: =+IF(N93="","",P93*O93) -> 2582.252 | T93: =(SUM(S93:S96))/$D$8 -> 8.1265826 | W93: =IF(C93="","",IF(S97>=$D$8,"CUMPLE","NO CUMPLE")) -> CUMPLE | Y93: =C93 -> 13. SEGURIDAD NUEVA ERA
H94: 340 | I94: 2018 | J94: 43282 | K94: 43449 | L94: =IF(K94="","",IF(K94<$L$12,"NO CUMPLE","CUMPLE")) -> CUMPLE | M94: MINENERGIA | N94: 307986197 | O94: =IF(K94="","",N94/(VLOOKUP(YEAR(K94),$AK$122:$AL$151,2,FALSE))) -> 394.22637 | P94: 1 | Q94: =+IF(C93="","",P94*N94) -> 307986197 | R94: =C94 -> 0 | S94: =+IF(N94="","",P94*O94) -> 394.22637
H95: 194 | I95: 2013 | J95: 41389 | K95: 41807 | L95: =IF(K95="","",IF(K95<$L$12,"NO CUMPLE","CUMPLE")) -> CUMPLE | M95: SECRETARIA DE SALUD | N95: 1796614596 | O95: =IF(K95="","",N95/(VLOOKUP(YEAR(K95),$AK$122:$AL$151,2,FALSE))) -> 2916.5821 | P95: 1 | Q95: =+IF(C93="","",P95*N95) -> 1796614596 | R95: =C94 -> 0 | S95: =+IF(N95="","",P95*O95) -> 2916.5821
L96: =IF(K96="","",IF(K96<$L$12,"NO CUMPLE","CUMPLE")) | O96: =IF(K96="","",N96/(VLOOKUP(YEAR(K96),$AK$122:$AL$151,2,FALSE))) | Q96: =+IF(C93="","",P96*N96) -> 0 | R96: =C94 -> 0 | S96: =+IF(N96="","",P96*O96)
D97: =IF(SUM(D93:D96)=100%,"100%",IF(SUM(D94:D96)=0,"","NO CUMPLE")) | S97: =SUM(S93:S96) -> 5893.0605
B98: 14 | C98: =+'CONSOLIDADO HABILITANTES'!C22 -> 14. UNION TEMPORAL TELEGRAN SEGURIDAD | G98: =+IF(C98="","",IF(C99="",C98,C99)) -> GRANADINA DE VIGILANCIA LIMITADA | H98: 13 | I98: 2018 | J98: 43189 | K98: 43404 | L98: =IF(K98="","",IF(K98<$L$12,"NO CUMPLE","CUMPLE")) -> CUMPLE | M98: CONSEJO SUPERIOR DE LA JUDICATURA | N98: 1593705235 | O98: =IF(K98="","",N98/(VLOOKUP(YEAR(K98),$AK$122:$AL$151,2,FALSE))) -> 2039.9636 | P98: 1 | Q98: =+IF(C98="","",P98*N98) -> 1593705235 | S98: =+IF(N98="","",P98*O98) -> 2039.9636 | T98: =(SUM(S98:S101))/$D$8 -> 3.7068867 | W98: =IF(C98="","",IF(S102>=$D$8,"CUMPLE","NO CUMPLE")) -> CUMPLE | Y98: =C98 -> 14. UNION TEMPORAL TELEGRAN SEGURIDAD
C99: GRANADINA DE VIGILANCIA LIMITADA | D99: 0.5 | L99: =IF(K99="","",IF(K99<$L$12,"NO CUMPLE","CUMPLE")) | O99: =IF(K99="","",N99/(VLOOKUP(YEAR(K99),$AK$122:$AL$151,2,FALSE))) | Q99: =+IF(C98="","",P99*N99) -> 0 | R99: =C99 -> GRANADINA DE VIGILANCIA LIMITADA | S99: =+IF(N99="","",P99*O99)
C100: TELEVIGILANCIA LTDA. PROTECCION Y SEGURIDAD.. | D100: 0.5 | G100: =+IF(C98="","",IF(C100="",C98,C100)) -> TELEVIGILANCIA LTDA. PROTECCION Y SEGURIDAD.. | H100: 758 | I100: 2018 | J100: 43221 | K100: 43343 | L100: =IF(K100="","",IF(K100<$L$12,"NO CUMPLE","CUMPLE")) -> CUMPLE | M100: ESE MARIA INMACULADA | N100: 340552146 | O100: =IF(K100="","",N100/(VLOOKUP(YEAR(K100),$AK$122:$AL$151,2,FALSE))) -> 435.91121 | P100: 1 | Q100: =+IF(C98="","",P100*N100) -> 340552146 | R100: =C99 -> GRANADINA DE VIGILANCIA LIMITADA | S100: =+IF(N100="","",P100*O100) -> 435.91121
H101: 022 | I101: 2018 | J101: 43221 | K101: 43281 | L101: =IF(K101="","",IF(K101<$L$12,"NO CUMPLE","CUMPLE")) -> CUMPLE | M101: UNIVERSIDAD DE LA AMAZONIA | N101: 331567948 | O101: =IF(K101="","",N101/(VLOOKUP(YEAR(K101),$AK$122:$AL$151,2,FALSE))) -> 424.41132 | P101: 0.5 | Q101: =+IF(C98="","",P101*N101) -> 165783974 | R101: =C99 -> GRANADINA DE VIGILANCIA LIMITADA | S101: =+IF(N101="","",P101*O101) -> 212.20566
D102: =IF(SUM(D98:D101)=100%,"100%",IF(SUM(D99:D101)=0,"","NO CUMPLE")) -> 100% | S102: =SUM(S98:S101) -> 2688.0805
B104: 15 | C104: =+'CONSOLIDADO HABILITANTES'!C23 -> 15. SERVIGTEC LTDA | G104: =+IF(C104="","",IF(C105="",C104,C105)) -> 15. SERVIGTEC LTDA | H104: 8796 | I104: 2016 | J104: 42511 | K104: 42661 | L104: =IF(K104="","",IF(K104<$L$12,"NO CUMPLE","CUMPLE")) -> CUMPLE | M104: SDIS | N104: 3601905512 | O104: =IF(K104="","",N104/(VLOOKUP(YEAR(K104),$AK$122:$AL$151,2,FALSE))) -> 5224.2793 | Q104: =+IF(C104="","",P104*N104) -> 0 | S104: =+IF(N104="","",P104*O104) -> 0 | T104: =(SUM(S104:S107))/$D$8 -> 37.179769 | W104: =IF(C104="","",IF(S108>=$D$8,"CUMPLE","NO CUMPLE")) -> CUMPLE | Y104: =C104 -> 15. SERVIGTEC LTDA
H105: 12036 | I105: 2016 | J105: 42662 | K105: 42826 | L105: =IF(K105="","",IF(K105<$L$12,"NO CUMPLE","CUMPLE")) -> CUMPLE | M105: SDIS | N105: 3455818805 | O105: =IF(K105="","",N105/(VLOOKUP(YEAR(K105),$AK$122:$AL$151,2,FALSE))) -> 4684.4777 | P105: 1 | Q105: =+IF(C104="","",P105*N105) -> 3455818805 | R105: =C105 -> 0 | S105: =+IF(N105="","",P105*O105) -> 4684.4777
I106: 2012 | J106: 41125 | K106: 42585 | L106: =IF(K106="","",IF(K106<$L$12,"NO CUMPLE","CUMPLE")) -> CUMPLE | M106: ARCHEIS | N106: 11886427682 | O106: =IF(K106="","",N106/(VLOOKUP(YEAR(K106),$AK$122:$AL$151,2,FALSE))) -> 17240.324 | P106: 1 | Q106: =+IF(C104="","",P106*N106) -> 11886427682 | R106: =C105 -> 0 | S106: =+IF(N106="","",P106*O106) -> 17240.324
H107: 2208 | I107: 2015 | J107: 42157 | K107: 42458 | L107: =IF(K107="","",IF(K107<$L$12,"NO CUMPLE","CUMPLE")) -> CUMPLE | M107: SDE | N107: 3472387871 | O107: =IF(K107="","",N107/(VLOOKUP(YEAR(K107),$AK$122:$AL$151,2,FALSE))) -> 5036.4242 | P107: 1 | Q107: =+IF(C104="","",P107*N107) -> 3472387871 | R107: =C105 -> 0 | S107: =+IF(N107="","",P107*O107) -> 5036.4242
D108: =IF(SUM(D104:D107)=100%,"100%",IF(SUM(D105:D107)=0,"","NO CUMPLE")) | S108: =SUM(S104:S107) -> 26961.226
B110: 16 | C110: =+'CONSOLIDADO HABILITANTES'!C24 -> 16. UNION TEMPORAL SEGURIDAD SE 2020 | G110: =+IF(C110="","",IF(C111="",C110,C111)) -> SEVIN | H110: 2960 | I110: 2017 | J110: 43050 | K110: 43418 | L110: =IF(K110="","",IF(K110<$L$12,"NO CUMPLE","CUMPLE")) -> CUMPLE | M110: MINISTERIO DE CULTURA | N110: 6264787701 | O110: =IF(K110="","",N110/(VLOOKUP(YEAR(K110),$AK$122:$AL$151,2,FALSE))) -> 8019.0104 | P110: 1 | Q110: =+IF(C110="","",P110*N110) -> 6264787701 | S110: =+IF(N110="","",P110*O110) -> 8019.0104 | T110: =(SUM(S110:S113))/$D$8 -> 25.418448 | V110: =+IF(C110="","",COUNT(S110:S113)) -> 3 | W110: =IF(C110="","",IF(S114>=$D$8,"CUMPLE","NO CUMPLE")) -> CUMPLE
C111: SEVIN | D111: 0.3 | H111: 027 | I111: 2016 | J111: 42713 | K111: 43434 | L111: =IF(K111="","",IF(K111<$L$12,"NO CUMPLE","CUMPLE")) -> CUMPLE | M111: FISCALIA | N111: 8636811539 | O111: =IF(K111="","",N111/(VLOOKUP(YEAR(K111),$AK$122:$AL$151,2,FALSE))) -> 11055.232 | P111: 0.6 | Q111: =+IF(C110="","",P111*N111) -> 5.1820869e+09 | R111: =C111 -> SEVIN | S111: =+IF(N111="","",P111*O111) -> 6633.1392
C112: SEGURIDAD ESTELAR | D112: 0.7 | G112: =+IF(C110="","",IF(C112="",C110,C112)) -> SEGURIDAD ESTELAR | H112: 434 | I112: 2017 | J112: 42824 | K112: 43182 | L112: =IF(K112="","",IF(K112<$L$12,"NO CUMPLE","CUMPLE")) -> CUMPLE | M112: MUNICIPIO DE VILLAVICENCIO | N112: 2953293669 | O112: =IF(K112="","",N112/(VLOOKUP(YEAR(K112),$AK$122:$AL$151,2,FALSE))) -> 3780.2546 | P112: 1 | Q112: =+IF(C110="","",P112*N112) -> 2953293669 | R112: =C111 -> SEVIN | S112: =+IF(N112="","",P112*O112) -> 3780.2546
L113: =IF(K113="","",IF(K113<$L$12,"NO CUMPLE","CUMPLE")) | O113: =IF(K113="","",N113/(VLOOKUP(YEAR(K113),$AK$122:$AL$151,2,FALSE))) | Q113: =+IF(C110="","",P113*N113) -> 0 | R113: =C111 -> SEVIN | S113: =+IF(N113="","",P113*O113)
D114: =IF(SUM(D111:D113)=100%,"100%",IF(SUM(D111:D113)=0,"","NO CUMPLE")) -> 100% | S114: =SUM(S110:S113) -> 18432.404
B116: 17 | C116: =+'CONSOLIDADO HABILITANTES'!C25 -> 17. CUSTODIAR LIMITADA | G116: =+IF(C116="","",IF(C117="",C116,C117)) -> 17. CUSTODIAR LIMITADA | H116: 9305 | I116: 2015 | J116: 42103 | K116: 42510 | L116: =IF(K116="","",IF(K116<$L$12,"NO CUMPLE","CUMPLE")) -> CUMPLE | M116: SDIS | N116: 8772719940 | O116: =IF(K116="","",N116/(VLOOKUP(YEAR(K116),$AK$122:$AL$151,2,FALSE))) -> 12724.137 | P116: 0.4 | Q116: =+IF(C116="","",P116*N116) -> 3509087976 | S116: =+IF(N116="","",P116*O116) -> 5089.6548 | T116: =(SUM(S116:S120))/$D$8 -> 18.42907 | W116: =IF(C116="","",IF(S121>=$D$8,"CUMPLE","NO CUMPLE")) -> CUMPLE | Y116: =C116 -> 17. CUSTODIAR LIMITADA
H117: 865 | I117: 2016 | J117: 42491 | K117: 42794 | L117: =IF(K117="","",IF(K117<$L$12,"NO CUMPLE","CUMPLE")) -> CUMPLE | M117: IDIPRON | N117: 5207336479 | O117: =IF(K117="","",N117/(VLOOKUP(YEAR(K117),$AK$122:$AL$151,2,FALSE))) -> 7058.7183 | P117: 0.5 | Q117: =+IF(C116="","",P117*N117) -> 2.6036682e+09 | S117: =+IF(N117="","",P117*O117) -> 3529.3591
H118: 300 | I118: 2018 | J118: 43293 | K118: 43596 | L118: =IF(K118="","",IF(K118<$L$12,"NO CUMPLE","CUMPLE")) -> CUMPLE | M118: TRANSMILENIO | N118: 13097988801 | O118: =IF(K118="","",N118/(VLOOKUP(YEAR(K118),$AK$122:$AL$154,2,FALSE))) -> 15816.611 | P118: 0.3 | Q118: =+IF(C116="","",P118*N118) -> 3.9293966e+09 | R118: =C118 -> 0 | S118: =+IF(N118="","",P118*O118) -> 4744.9834
L119: =IF(K119="","",IF(K119<$L$12,"NO CUMPLE","CUMPLE")) | O119: =IF(K119="","",N119/(VLOOKUP(YEAR(K119),$AK$122:$AL$151,2,FALSE))) | Q119: =+IF(C116="","",P119*N119) -> 0 | S119: =+IF(N119="","",P119*O119)
L120: =IF(K120="","",IF(K120<$L$12,"NO CUMPLE","CUMPLE")) | O120: =IF(K120="","",N120/(VLOOKUP(YEAR(K120),$AK$122:$AL$151,2,FALSE))) | Q120: =+IF(C116="","",P120*N120) -> 0 | R120: =C118 -> 0 | S120: =+IF(N120="","",P120*O120)
D121: 1 | S121: =SUM(S116:S120) -> 13363.997
AK122: AÑO | AL122: SALARIO MIN
B123: 18 | C123: =+'CONSOLIDADO HABILITANTES'!C26 -> 18. UNIÓN TEMPORAL CP ALIANZA | G123: =+IF(C123="","",IF(C124="",C123,C124)) -> EMPRESA DE SEGURIDAD Y VIGILANCIA PRIVADA PUMA LTDA | H123: 285 | I123: 2017 | J123: 42787 | K123: 43095 | L123: =IF(K123="","",IF(K123<$L$12,"NO CUMPLE","CUMPLE")) -> CUMPLE | M123: MUNICIPIO DE NEIVA | N123: 3650526493 | O123: =IF(K123="","",N123/(VLOOKUP(YEAR(K123),$AK$122:$AL$151,2,FALSE))) -> 4948.4104 | P123: 0.4 | Q123: =+IF(C123="","",P123*N123) -> 1.4602106e+09 | S123: =+IF(N123="","",P123*O123) -> 1979.3642 | T123: =(SUM(S123:S126))/$D$8 -> 13.71922 | W123: =IF(C123="","",IF(S127>=$D$8,"CUMPLE","NO CUMPLE")) -> CUMPLE | Y123: =C123 -> 18. UNIÓN TEMPORAL CP ALIANZA | AK123: 1985 | AL123: 13558
C124: EMPRESA DE SEGURIDAD Y VIGILANCIA PRIVADA PUMA LTDA | D124: 0.6 | L124: =IF(K124="","",IF(K124<$L$12,"NO CUMPLE","CUMPLE")) | O124: =IF(K124="","",N124/(VLOOKUP(YEAR(K124),$AK$122:$AL$151,2,FALSE))) | Q124: =+IF(C123="","",P124*N124) -> 0 | R124: =C124 -> EMPRESA DE SEGURIDAD Y VIGILANCIA PRIVADA PUMA LTDA | S124: =+IF(N124="","",P124*O124) | AK124: 1986 | AL124: 16811
C125: VIGILANCIA Y SEGURIDAD ELECTRONICA CAXAR LTDA | D125: 0.4 | G125: =+IF(C123="","",IF(C125="",C123,C125)) -> VIGILANCIA Y SEGURIDAD ELECTRONICA CAXAR LTDA | I125: 2017 | J125: 42887 | K125: 43452 | L125: =IF(K125="","",IF(K125<$L$12,"NO CUMPLE","CUMPLE")) -> CUMPLE | M125: CONSORSIO IBENES | N125: 1647095456 | O125: =IF(K125="","",N125/(VLOOKUP(YEAR(K125),$AK$122:$AL$151,2,FALSE))) -> 2108.3038 | P125: 1 | Q125: =+IF(C123="","",P125*N125) -> 1647095456 | R125: =C124 -> EMPRESA DE SEGURIDAD Y VIGILANCIA PRIVADA PUMA LTDA | S125: =+IF(N125="","",P125*O125) -> 2108.3038 | AK125: 1987 | AL125: 20510
I126: 2012 | J126: 40909 | K126: 42735 | L126: =IF(K126="","",IF(K126<$L$12,"NO CUMPLE","CUMPLE")) -> CUMPLE | M126: INVERSIONES BETA | N126: 4040855421 | O126: =IF(K126="","",N126/(VLOOKUP(YEAR(K126),$AK$122:$AL$151,2,FALSE))) -> 5860.9415 | P126: 1 | Q126: =+IF(C123="","",P126*N126) -> 4040855421 | S126: =+IF(N126="","",P126*O126) -> 5860.9415 | AK126: 1988 | AL126: 25637
...

Sheet EVAL EXPERIENCIA PERSONAL H
B2: LICITACION PUBLICA FDLE-LP-426-2020
B4: EVALUACION EXPERIENCIA PERSONAL REQUERIDO - HABILITANTE TECNICO
C6: EXPERIENCIA EN AÑOS SOLICITADA SMMLV | D6: 5
D8: 0
B11: No. | C11: PROPONENTE | D11: COORDINADOR | F11: FECHA DE INICIO DIA/MES/AÑO | G11: FECHA DE TERMINACION DIA/MES/AÑO | H11: ENTIDAD | I11: VERIFICADO | J11: NUMERO DE DIAS LABORADOS | K11: AÑOS LABORADOS | L11: LA SUMA DE LOS CONTRATOS DEBE SER IGUAL O SUPERIOR AL 100% DEL PRESUPUESTO OFICIAL | O11: OBSERVACIONES
B13: 1 | C13: =+'CONSOLIDADO HABILITANTES'!C9 -> 1. ANSE LTDA | D13: JAVIER TARAZONA HERRERA | F13: 42023 | G13: 44130 | H13: ANSE | I13: NO CUMPLE | J13: =G13-F13 -> 2107 | K13: =+J17/365 -> 5.7726027 | L13: NO CUMPLE | O13: CON LOS DOCUMENTOS SUBSANADOS SE EVIDENCIA UNA INCONSISTENCIA EN LAS FECHAS ESTEBLECIDAS EN EL CONTRATO Y LA CERTIFICACION, POR ESO NO SE TIENE EN CUENTA LA HOJA DE VIDA Y SE RECHAZA LA PROPUESTA
J14: =G14-F14 -> 0
J15: =G15-F15 -> 0
J16: =G16-F16 -> 0
J17: =SUM(J13:J16) -> 2107
B20: 2 | C20: =+'CONSOLIDADO HABILITANTES'!C10 -> 2. DINA POWER LTDA | D20: MARLENE SILVA MASMELA | F20: 40969 | G20: 44132 | H20: DINAPOWER LTDA | I20: NO CUMPLE | J20: =G20-F20 -> 3163 | K20: =+J24/365 -> 8.6657534 | L20: CUMPLE
J21: =G21-F21 -> 0
J22: =G22-F22 -> 0
J23: =G23-F23 -> 0
J24: =SUM(J20:J23) -> 3163
B26: 3 | C26: =+'CONSOLIDADO HABILITANTES'!C11 -> 3. VIPCOL LTDA | D26: FREDY NAVAS COBOS | F26: 40498 | G26: 44126 | H26: VIPCOL | I26: CUMPLE | J26: =G26-F26 -> 3628 | K26: =+J29/365 -> 9.939726 | L26: =IF(C26="","",IF(K26>=$D$6,"CUMPLE","NO CUMPLE")) -> CUMPLE
J27: =G27-F27 -> 0
J28: =G28-F28 -> 0
J29: =SUM(J26:J28) -> 3628
B32: 4 | C32: =+'CONSOLIDADO HABILITANTES'!C12 -> 4. AZC LTDA | D32: YAQUELINA OLARTE | F32: 40472 | G32: 41120 | I32: CUMPLE | J32: =G32-F32 -> 648 | K32: =+J36/365 -> 5.6027397 | L32: =IF(C32="","",IF(K32>=$D$6,"CUMPLE","NO CUMPLE")) -> CUMPLE | O32: EL PRIMER CONTRATO SE TOMA DESDE EL MES DE OCTUBRE TODA VEZ QUE LAS PLANILLAS APORTADAS SON DESDE ESA FUCHA.
F33: 41519 | G33: 41789 | I33: CUMPLE
F34: 42736 | G34: 44133 | I34: CUMPLE | J34: =G34-F34 -> 1397
J35: =G35-F35 -> 0
J36: =SUM(J32:J35) -> 2045
B38: 5 | C38: =+'CONSOLIDADO HABILITANTES'!C13 -> 5. SEGURIDAD THOR LTDA | D38: JAIRO ANTONIO ASCANIO LOPEZ | F38: 41778 | G38: 44091 | H38: THOR | I38: CUMPLE | J38: =G38-F38 -> 2313 | K38: =+J40/365 -> 6.3369863 | L38: NO CUMPLE | O38: NO SE EVIDENCIA LA CLASE DE LA LIBRETA MILITAR PRESENTADA, SEGÚN EL PLIEGO DE CONDICIONES DEBE SER DE PRIMERA CLASE
J39: =G39-F39 -> 0
J40: =SUM(J38:J39) -> 2313
B43: 6 | C43: =+'CONSOLIDADO HABILITANTES'!C14 -> 6. COOVIAM CTA | D43: GUILLERMO LEON MORALES SALAMANCA | F43: 42160 | G43: 44133 | H43: COOVIAM | I43: CUMPLE | J43: =G43-F43 -> 1973 | K43: =+J47/365 -> 12.156164 | L43: =IF(C43="","",IF(K43>=$D$6,"CUMPLE","NO CUMPLE")) -> CUMPLE
F44: 31413 | G44: 33877 | H44: COVISUR | I44: CUMPLE | J44: =G44-F44 -> 2464
J45: =G45-F45 -> 0
J46: =G46-F46 -> 0
J47: =SUM(J43:J46) -> 4437
B49: 7 | C49: =+'CONSOLIDADO HABILITANTES'!C15 -> 7. UT VITEC 2020 | D49: RICARDO ROMERO BAYONA | F49: 42298 | G49: 44132 | H49: TECNISEG | J49: =G49-F49 -> 1834 | K49: =+J52/365 -> 5.0246575 | L49: =IF(C49="","",IF(K49>=$D$6,"CUMPLE","NO CUMPLE")) -> CUMPLE
J50: =G50-F50 -> 0
J51: =G51-F51 -> 0
J52: =SUM(J49:J51) -> 1834
B54: 8 | C54: =+'CONSOLIDADO HABILITANTES'!C16 -> 8. COVISUR DE COLOMBIA | D54: FERNANDO ALBERTO ABAUNZA DIAZ | F54: 43565 | G54: 43655 | H54: VIGILANCIA SANTAFEREÑA Y CIA | I54: OK | J54: =G54-F54 -> 90 | K54: =+J63/365 -> 10.021918 | L54: =IF(C54="","",IF(K54>=$D$6,"CUMPLE","NO CUMPLE")) -> CUMPLE
F55: 43337 | G55: 43563 | H55: SEGURIDAD LASER | I55: OK | J55: =G55-F55 -> 226
F56: 41027 | G56: 43333 | H56: ONCOR | I56: OK | J56: =G56-F56 -> 2306
F57: 40680 | G57: 41026 | H57: VIGIAS | I57: OK | J57: =G57-F57 -> 346
F58: 39580 | G58: 39692 | H58: SEPECOL | I58: OK | J58: =G58-F58 -> 112
F59: 39281 | G59: 39492 | H59: SIETE24 | I59: OK | J59: =G59-F59 -> 211
F60: 38912 | G60: 39279 | H60: TECNISEG | I60: OK | J60: =G60-F60 -> 367
J61: =G61-F61 -> 0
J62: =G62-F62 -> 0
J63: =SUM(J54:J62) -> 3658
B65: 9 | C65: =+'CONSOLIDADO HABILITANTES'!C17 -> 9. UNION TEMPORAL ENGATIVA JP 2020 | D65: FRANCISCO MARTINEZ | F65: 41408 | G65: 43842 | H65: PPH | I65: OK | J65: =G65-F65 -> 2434 | K65: =+J69/365 -> 6.6684932 | L65: NO CUMPLE | O65: LA LIBRETA MILITAR PRESENTADA NO CUMPLE LAS CONDICIONES DEL PLIEGO. DEBE SER DE PRIMERA CLASE
J66: =G66-F66 -> 0
J67: =G67-F67 -> 0
J68: =G68-F68 -> 0
J69: =SUM(J65:J68) -> 2434
B71: 10 | C71: =+'CONSOLIDADO HABILITANTES'!C18 -> 10. UNIÓN TEMPORAL S.A. 2020 | D71: ZORANCY ELENA MARTIN MORENO | F71: 41760 | G71: 44129 | H71: SERVICONCEL | J71: =G71-F71 -> 2369 | K71: =+J74/365 -> 6.490411 | L71: =IF(C71="","",IF(K71>=$D$6,"CUMPLE","NO CUMPLE")) -> CUMPLE
J72: =G72-F72 -> 0
J73: =G73-F73 -> 0
J74: =SUM(J71:J73) -> 2369
B76: 11 | C76: =+'CONSOLIDADO HABILITANTES'!C19 -> 11. SEGURIDAD COSMOS LTDA | D76: MARCO FIDEL OLAYA QUEVEDO | F76: 42892 | G76: 44132 | H76: COSMOS | I76: OK | J76: =G76-F76 -> 1240 | K76: =+J81/365 -> 5.6109589 | L76: =IF(C76="","",IF(K76>=$D$6,"CUMPLE","NO CUMPLE")) -> CUMPLE
F77: 42504 | G77: 42888 | H77: SEPECOL | I77: OK | J77: =G77-F77 -> 384
F78: 40846 | G78: 41270 | H78: NAPOLES | I78: OK | J78: =G78-F78 -> 424
J79: =G79-F79 -> 0
J80: =G80-F80 -> 0
J81: =SUM(J76:J80) -> 2048
B84: 12 | C84: =+'CONSOLIDADO HABILITANTES'!C20 -> 12. MEGASEGURIDAD LA PROVEEDORA | D84: RAFEL ANDRES SILVA RIOS | F84: 39260 | G84: 44133 | H84: MEGASEGURIDAD | I84: OK | J84: =G84-F84 -> 4873 | K84: =+J88/365 -> 13.350685 | L84: =IF(C84="","",IF(K84>=$D$6,"CUMPLE","NO CUMPLE")) -> CUMPLE
J85: =G85-F85 -> 0
J86: =G86-F86 -> 0
J87: =G87-F87 -> 0
J88: =SUM(J84:J87) -> 4873
B90: 13 | C90: =+'CONSOLIDADO HABILITANTES'!C21 -> 13. SEGURIDAD NUEVA ERA | D90: UBANER RAMIREZ FERNANDEZ | F90: 38888 | G90: 44133 | H90: NUEVA ERA | I90: NO CUMPLE | J90: =G90-F90 -> 5245 | K90: =+J93/365 -> 20.520548 | L90: NO CUMPLE | O90: NO APORTA LA CREDENCIAL DE CONSULTOR, ASESOR, INVESTIGADOR PRIVADO COMO LO SOLICITA EL PLIEGO DE CONDICIONES NO APORTA DOCUMENTOS QUE COMPRUEBEN LA RELACION CONTRACTUAL COMO LO SOLCITA EL PLIEGO PARA LOS CASOS QUE ES CEDRTIFICADO POR EL MISMO PROPOENENTE
F91: 34678 | G91: 36923 | H91: VAL | I91: OK | J91: =G91-F91 -> 2245 | X91: AÑO | Y91: SALARIO MIN
J92: =G92-F92 -> 0 | X92: 1984 | Y92: 11298
J93: =SUM(J90:J92) -> 7490 | X93: 1985 | Y93: 13558
B95: 14 | C95: =+'CONSOLIDADO HABILITANTES'!C22 -> 14. UNION TEMPORAL TELEGRAN SEGURIDAD | D95: LEIDY JOHANA RAMIREZ | F95: 39873 | G95: 44133 | H95: GRANADINA DE VIGILANCIA | J95: =G95-F95 -> 4260 | K95: =+J98/365 -> 11.671233 | L95: =IF(C95="","",IF(K95>=$D$6,"CUMPLE","NO CUMPLE")) -> CUMPLE
J96: =G96-F96 -> 0 | X96: AÑO | Y96: SALARIO MIN
J97: =G97-F97 -> 0 | X97: 1984 | Y97: 11298
J98: =SUM(J95:J97) -> 4260 | X98: 1985 | Y98: 13558
X99: 1987 | Y99: 20510
B100: 15 | C100: =+'CONSOLIDADO HABILITANTES'!C23 -> 15. SERVIGTEC LTDA | D100: MARISELA MORA CUBILLOS | F100: 39888 | G100: 44133 | H100: SERVITEG | I100: OK | J100: =G100-F100 -> 4245 | K100: =+J102/365 -> 11.630137 | L100: NO CUMPLE | O100: TENIENDO EN CUENTA LA OBSERVACION ALLEGADA POR EL PROPONENTE MEGA SEGURIDAD, SE EVIDENCIA QUE EL PROPONENTE NO ANEXA EL DOCUMENTO QUE ACREDITA LA CAPACITACION EN BRIGADAS DE EMERGENCIA, POR ESO SE INHABILITA LA PROPUESTA YA QUE ESTE DOCUEMNTO DEBE PRESENTADO | X100: 1988 | Y100: 25637
J101: =G101-F101 -> 0 | X101: 1990 | Y101: 41025
J102: =SUM(J100:J101) -> 4245 | X102: 1996 | Y102: 142125
B104: 16 | C104: =+'CONSOLIDADO HABILITANTES'!C24 -> 16. UNION TEMPORAL SEGURIDAD SE 2020 | D104: LUIS EDUARDO LEGUIZAMO LEGUIZAMO | F104: 42136 | G104: 44133 | H104: SEVIN | I104: OK | J104: =G104-F104 -> 1997 | K104: =+J107/365 -> 13.715068 | L104: =IF(C104="","",IF(K104>=$D$6,"CUMPLE","NO CUMPLE")) -> CUMPLE | X104: 1997 | Y104: 172005
F105: 38314 | G105: 38883 | H105: ONCOR | I105: OK | J105: =G105-F105 -> 569 | X105: 1998 | Y105: 203826
F106: 38989 | G106: 41429 | H106: HONOR | I106: OK | J106: =G106-F106 -> 2440 | X106: 2005 | Y106: 381500
J107: =SUM(J104:J106) -> 5006 | X107: 2006 | Y107: 408000
X108: 2007 | Y108: 433700
X109: 2008 | Y109: 461500
B110: 17 | C110: =+'CONSOLIDADO HABILITANTES'!C25 -> 17. CUSTODIAR LIMITADA | D110: LEONARDO FELIPE BENAVIDES VELANDIA | F110: 32377 | G110: 38860 | H110: SOCOVIG | I110: OK | J110: =G110-F110 -> 6483 | K110: =+J113/365 -> 31.635616 | L110: =IF(C110="","",IF(K110>=$D$6,"CUMPLE","NO CUMPLE")) -> CUMPLE | X110: 2009 | Y110: 496900
F111: 39069 | G111: 44133 | H111: CUSTODIAR | I111: OK | J111: =G111-F111 -> 5064 | X111: 2010 | Y111: 515000
J112: =G112-F112 -> 0 | X112: 2013 | Y112: 589500
J113: =SUM(J110:J112) -> 11547 | X113: 2014 | Y113: 616000
X114: 2015 | Y114: 644350
B115: 18 | C115: =+'CONSOLIDADO HABILITANTES'!C26 -> 18. UNIÓN TEMPORAL CP ALIANZA | D115: WILLIAM ARTURO ZAPATA ALFONSO | F115: 42137 | G115: 44132 | H115: CAXAR | I115: ok | J115: =G115-F115 -> 1995 | K115: =+J118/365 -> 5.4657534 | L115: =IF(C115="","",IF(K115>=$D$6,"CUMPLE","NO CUMPLE")) -> CUMPLE | X115: 2016 | Y115: 689455
J116: =G116-F116 -> 0 | X116: 2017 | Y116: 737717
J117: =G117-F117 -> 0 | X117: 2018 | Y117: 781242
J118: =SUM(J115:J117) -> 1995
B121: 19 | C121: =+'CONSOLIDADO HABILITANTES'!C27 -> 19. SEGURIDAD PENTA LTDA | D121: OMAR ENRRIQUE CORREA SANDOVAL | F121: 41583 | G121: 43906 | H121: SEGURIDAD SCANNER | I121: OK | J121: =G121-F121 -> 2323 | K121: =+J124/365 -> 6.3643836 | L121: =IF(C121="","",IF(K121>=$D$6,"CUMPLE","NO CUMPLE")) -> CUMPLE
J122: =G122-F122 -> 0
J123: =G123-F123 -> 0
J124: =SUM(J121:J123) -> 2323
B127: 20 | C127: =+'CONSOLIDADO HABILITANTES'!C28 -> 20. UNIÓN TEMPORAL ENGATIVA SAGAL 2020 | D127: HAROLD MORALES DIAZ | F127: 43228 | G127: 44133 | H127: SAN CARLOS | I127: OK | J127: =G127-F127 -> 905 | K127: =+J132/365 -> 13.073973 | L127: =IF(C127="","",IF(K127>=$D$6,"CUMPLE","NO CUMPLE")) -> CUMPLE
F128: 39264 | G128: 43131 | H128: RONDACOL | I128: OK | J128: =G128-F128 -> 3867
J129: =G129-F129 -> 0
...

Sheet EVAL PROPUESTA ECONOMICA
B2: LICITACION PUBLICA FDLE-LP-426-2020
B4: EVALUACION ECONOMICA
C6: PROPONENTE | D6: VALOR PROPUESTA ECONOMICA | F6: OBSERVACIONES
B7: 2 | C7: 2. DINA POWER LTDA | D7: 601181445
B8: 3 | C8: 3. VIPCOL LTDA | D8: 601181440 | F8: SE HACE CORRECCION ARITMETICA POR QUE EL COMITÉ NO CONOCE LOS DECIMALES DE LA PROPUESTA, EL VALOR PARA LA EVALUACION ES $601.181.440
B9: 4 | C9: 4. AZC LTDA | D9: 624677440 | F9: SE HACE CORRECCION ARITMETICA POR QUE EL COMITÉ NO CONOCE LOS DECIMALES DE LA PROPUESTA, EL VALOR PARA LA EVALUACION ES $624.677.440
B10: 6 | C10: 6. COOVIAM CTA | D10: 616951955 | F10: SE HACE CORRECCION ARITMETICA POR QUE EL COMITÉ NO CONOCE LOS DECIMALES DE LA PROPUESTA, EL VALOR PARA LA EVALUACION ES $616.951.955
B11: 7 | C11: 7. UT VITEC 2020 | D11: 601181440 | F11: SE HACE CORRECCION ARITMETICA POR QUE EL COMITÉ NO CONOCE LOS DECIMALES DE LA PROPUESTA, EL VALOR PARA LA EVALUACION ES $601.181.440
B12: 8 | C12: 8. COVISUR DE COLOMBIA | D12: 617217460 | F12: SE HACE CORRECCION ARITMETICA POR QUE EL COMITÉ NO CONOCE LOS DECIMALES DE LA PROPUESTA, EL VALOR PARA LA EVALUACION ES $617.217.460
B13: 10 | C13: 10. UNIÓN TEMPORAL S.A. 2020 | D13: 6.1963285e+08 | F13: SE HACE CORRECCION ARITMETICA POR QUE EL COMITÉ NO CONOCE LOS DECIMALES DE LA PROPUESTA, EL VALOR PARA LA EVALUACION ES $619.632.849
B14: 11 | C14: 11. SEGURIDAD COSMOS LTDA | D14: 6.1991851e+08 | F14: SE HACE CORRECCION ARITMETICA POR QUE EL COMITÉ NO CONOCE LOS DECIMALES DE LA PROPUESTA, EL VALOR PARA LA EVALUACION ES $619.918.508
B15: 12 | C15: 12. MEGASEGURIDAD LA PROVEEDORA | D15: 6.1031902e+08
B16: 14 | C16: 14. UNION TEMPORAL TELEGRAN SEGURIDAD | D16: 6.2081586e+08
B17: 15 | C17: 15. SERVIGTEC LTDA | D17: 6.1698033e+08 | F17: SE HACE CORRECCION ARITMETICA POR QUE EL COMITÉ NO CONOCE LOS DECIMALES DE LA PROPUESTA, EL VALOR PARA LA EVALUACION ES $616,980,333
B18: 17 | C18: 17. CUSTODIAR LIMITADA | D18: 6.1501379e+08 | F18: SE HACE CORRECCION ARITMETICA POR QUE EL COMITÉ NO CONOCE LOS DECIMALES DE LA PROPUESTA, EL VALOR PARA LA EVALUACION ES $615,013,788
B19: 19 | C19: 19. SEGURIDAD PENTA LTDA | D19: 6.18102e+08
B20: 20 | C20: 20. UNIÓN TEMPORAL ENGATIVA SAGAL 2020 | D20: 6.1592048e+08 | F20: SE HACE CORRECCION ARITMETICA POR QUE EL COMITÉ NO CONOCE LOS DECIMALES DE LA PROPUESTA, EL VALOR PARA LA EVALUACION ES $615,920,481
B21: 21 | C21: 21. SEGURIDAD Y VIGILANCIA ÉXITO DE COLOMBIA | D21: 6.2157796e+08 | F21: SE HACE CORRECCION ARITMETICA POR QUE EL COMITÉ NO CONOCE LOS DECIMALES DE LA PROPUESTA, EL VALOR PARA LA EVALUACION ES $621,577,956
B22: 22 | C22: 22. UNION TEMPORAL ZM 2021 | D22: 6.2022965e+08
C24: MEDIA ARITMETICA | D24: =+AVERAGE(D7:D22) -> 6.1505635e+08
C26: MEDIA ARITMETICA ALTA | D26: =+(D24+D9)/2 -> 6.198669e+08
C28: PROPONENTE CON OFERTA MENOR O IGUAL A LA MEDIA ARITMETICA ALTA | D28: VALOR PROPUESTA ECONOMICA | F28: PUNTAJE OBTENIDO
B29: 2 | C29: 2. DINA POWER LTDA | D29: 601181445 | F29: =89*I29 -> 86.317158 | H29: =((D26-D29)/D26) -> 0.030144295 | I29: =1-H29 -> 0.9698557
B30: 3 | C30: 3. VIPCOL LTDA | D30: 601181440 | F30: =89*I30 -> 86.317157 | H30: =((D26-D30)/D26) -> 0.030144303 | I30: =1-H30 -> 0.9698557
B31: 6 | C31: 6. COOVIAM CTA | D31: 616951955 | F31: =89*I31 -> 88.581475 | H31: =((D26-D31)/D26) -> 0.0047025268 | I31: =1-H31 -> 0.99529747
B32: 7 | C32: 7. UT VITEC 2020 | D32: 601181440 | F32: =89*I32 -> 86.317157 | H32: =((D26-D32)/D26) -> 0.030144303 | I32: =1-H32 -> 0.9698557
B33: 8 | C33: 8. COVISUR DE COLOMBIA | D33: 617217460 | F33: =89*I33 -> 88.619596 | H33: =((D26-D33)/D26) -> 0.004274201 | I33: =1-H33 -> 0.9957258
B34: 10 | C34: 10. UNIÓN TEMPORAL S.A. 2020 | D34: 6.1963285e+08 | F34: =89*I34 -> 88.966396 | H34: =((D26-D34)/D26) -> 0.00037757593 | I34: =1-H34 -> 0.99962242
B35: 12 | C35: 12. MEGASEGURIDAD LA PROVEEDORA | D35: 6.1031902e+08 | F35: =89*I35 -> 87.629123 | H35: =((D26-D35)/D26) -> 0.015403112 | I35: =1-H35 -> 0.98459689
B36: 15 | C36: 15. SERVIGTEC LTDA | D36: 6.1698033e+08 | F36: =89*I36 -> 88.58555 | H36: =((D26-D36)/D26) -> 0.0046567464 | I36: =1-H36 -> 0.99534325
B37: 17 | C37: 17. CUSTODIAR LIMITADA | D37: 6.1501379e+08 | F37: =89*I37 -> 88.303195 | H37: =((D26-D37)/D26) -> 0.0078292739 | I37: =1-H37 -> 0.99217073
B38: 19 | C38: 19. SEGURIDAD PENTA LTDA | D38: 6.18102e+08 | F38: =89*I38 -> 88.746598 | H38: =((D26-D38)/D26) -> 0.0028472172 | I38: =1-H38 -> 0.99715278
B39: 20 | C39: 20. UNIÓN TEMPORAL ENGATIVA SAGAL 2020 | D39: 6.1592048e+08 | F39: =89*I39 -> 88.433377 | H39: =((D26-D39)/D26) -> 0.006366552 | I39: =1-H39 -> 0.99363345
C49: PROPONENTE CON OFERTA MAYOR A LA MEDIA ARITMETICA ALTA | D49: VALOR PROPUESTA ECONOMICA | F49: PUNTAJE OBTENIDO
B50: 4 | C50: 4. AZC LTDA | D50: 624677440 | F50: =89*J50 -> 87.618612 | H50: =ABS(D26-D50) -> 4810544.3 | I50: =+H50/D26 -> 0.0077606085 | J50: =1-(2*I50) -> 0.98447878
B51: 11 | C51: 11. SEGURIDAD COSMOS LTDA | D51: 6.1991851e+08 | F51: =89*J51 -> 88.985179 | H51: =ABS(D26-D51) -> 51611.863 | I51: =+H51/D26 -> 8.3262816e-05 | J51: =1-(2*I51) -> 0.99983347
B52: 14 | C52: 14. UNION TEMPORAL TELEGRAN SEGURIDAD | D52: 6.2081586e+08 | F52: =89*J52 -> 88.727497 | H52: =ABS(D26-D52) -> 948964.3 | I52: =+H52/D26 -> 0.0015309162 | J52: =1-(2*I52) -> 0.99693817
B53: 21 | C53: 21. SEGURIDAD Y VIGILANCIA ÉXITO DE COLOMBIA | D53: 6.2157796e+08 | F53: =89*J53 -> 88.508655 | H53: =ABS(D26-D53) -> 1711060.3 | I53: =+H53/D26 -> 0.0027603673 | J53: =1-(2*I53) -> 0.99447927
B54: 22 | C54: 22. UNION TEMPORAL ZM 2021 | D54: 6.2022965e+08 | F54: =89*J54 -> 88.895832 | H54: =ABS(D26-D54) -> 362756.04 | I54: =+H54/D26 -> 0.00058521603 | J54: =1-(2*I54) -> 0.99882957

Sheet CONSOLIDADO HABILITANTES
B4: LICITACION PUBLICA FDLE-LP-426-2020
B6: CONSOLIDADO DE HABILITANTES TECNICOS
C8: PROPONENTE | D8: EXPERIENCIA MINIMA | E8: RESOLUCIÓN VIGENTE DE APROBACIÓN DE HORAS EXTRAS ESTATUTO DE VIGILANCIA Y SEGURIDAD PRIVADA (DECRETO 356 DE 1994) | F8: RESOLUCIÓN POR MEDIO DE LA CUAL SE AUTORIZA EL USO DE UNIFORMES Y DISTINTIVOS | G8: LICENCIA VIGENTE DE FUNCIONAMIENTO SEGÚN EL ESTATUTO DE VIGILANCIA Y SEGURIDAD PRIVADA (DECRETO 356 DE 1994). | H8: FORMATO 7 CUMPLIMIENTO DE CRITERIOS DE TELECOMUNICACIONES | I8: LICENCIA DE LA ESCUELA DE CAPACITACIÓN Y ENTRENAMIENTO EN VIGILANCIA Y SEGURIDAD PRIVADA | J8: CERTIFICACIÓN VIGENTE DEL PERMISO DE PORTE Y TENENCIA DE ARMAS | K8: FORMATO 3 COMPROMISO AMBIENTAL | L8: FORMATO 4 APOYO A LA INDUSTRIA | M8: FORMATO 5 PROPUESTA ECONOMICA | N8: FORMATO CUMPLIMIENTO DE ESPECIFICACIONES TÉCNICAS Y DE DISPONIBILIDAD DE PERSONAL (ANEXO NO. 9) | O8: HOJA DE VIDA SUPERVISOR | P8: FORMATO TRABAJADORES CON DISCAPACIDAD | R8: ESTADO | T8: OBSERVACION
B9: 1 | C9: 1. ANSE LTDA | D9: CUMPLE | E9: CUMPLE | F9: CUMPLE | G9: CUMPLE | H9: CUMPLE | I9: CUMPLE | J9: CUMPLE | K9: CUMPLE | L9: CUMPLE 10 P | M9: CUMPLE | N9: CUMPLE | O9: NO CUMPLE | P9: APORTA | R9: RECHAZADA | T9: REVISANDO LOS DOCUMENTOS CON LOS QUE SUBSANO, HAY UNA INCONSISTENCIA EN LA FECHA DE INICIO DELCONTRATO EN COMPARACION DE LA FECHA REGISTRADA EN LA CERTIFICACION, POR ENDE Y APLICANDO LA CAUSAL DE RECHAZO NUMERO 13 DEL PLIEGO DE CONDICIONES, LA PROPUESTA ES RECHAZADA
B10: 2 | C10: 2. DINA POWER LTDA | D10: CUMPLE | E10: CUMPLE | F10: CUMPLE | G10: CUMPLE | H10: CUMPLE | I10: CUMPLE | J10: CUMPLE | K10: CUMPLE | L10: CUMPLE 10 P | M10: CUMPLE | N10: CUMPLE | O10: CUMPLE | P10: NO APORTA | R10: HABIL
B11: 3 | C11: 3. VIPCOL LTDA | D11: CUMPLE | E11: CUMPLE | F11: CUMPLE | G11: CUMPLE | H11: CUMPLE | I11: CUMPLE | J11: CUMPLE | K11: CUMPLE | L11: NO APORTA | M11: CUMPLE | N11: CUMPLE | O11: CUMPLE | P11: NO APORTA | R11: HABIL | T11: POR TRATARSE DE DOCUMENTOS CORRESPONDIENTES A FACTORES PONDERABLES (APOYO LA INDUSTRIA NACIONAL Y INCENTIVO POR TRABAJADORES CON DISCAPACIDAD), LA SUBSANACION DE ESTOS NO SE TIENE EN CUENTA, Y POR ENDE NOSE LE OTORGA EL PUNTAJE
B12: 4 | C12: 4. AZC LTDA | D12: CUMPLE | E12: CUMPLE | F12: CUMPLE | G12: CUMPLE | H12: CUMPLE | I12: CUMPLE | J12: CUMPLE | K12: CUMPLE | L12: CUMPLE 10 P | M12: CUMPLE | N12: CUMPLE | O12: CUMPLE | P12: NO CUMPLE, EL CERTIFICADO NO ESTA VIGENTE | R12: HABIL
B13: 5 | C13: 5. SEGURIDAD THOR LTDA | D13: CUMPLE | E13: CUMPLE | F13: CUMPLE | G13: CUMPLE | H13: CUMPLE | I13: NO CUMPLE | J13: NO CUMPLE | K13: CUMPLE | L13: NO APORTA | M13: CUMPLE | N13: CUMPLE | O13: NO CUMPLE | P13: NO APORTA | R13: RECHAZADA | T13: LA LICENCIA DE FUNCIONAMIENTO DE LA ESCUELA DE CAPACITACION NO ESTA VIGENTE, ERA POR 3 AÑOS DESDE EL 8 DE MAYO DE 2017 EL CERTIFICADO DE ARMAS NO ESTA VIGENTE, ERA POR 60 DIAS DESDE EL 21 DE AGOSTO NO APORTA EL CERTIFICADO DEL MINISTERIO DETRABAJO NO SE EVIDENCIA LA CLASE DE LA LIBRETA MILITAR PRESENTADA PARA EL SUPERVISOR, SEGÚN EL PLIEGO DE CONDICIONES DEBE SER DE PRIMERA CLASE
B14: 6 | C14: 6. COOVIAM CTA | D14: CUMPLE | E14: CUMPLE | F14: CUMPLE | G14: CUMPLE | H14: CUMPLE | I14: CUMPLE | J14: CUMPLE | K14: CUMPLE | L14: CUMPLE 10 P | M14: CUMPLE | N14: CUMPLE | O14: CUMPLE | P14: APORTA | R14: HABIL
B15: 7 | C15: 7. UT VITEC 2020 | D15: CUMPLE | E15: CUMPLE | F15: CUMPLE | G15: CUMPLE | H15: CUMPLE | I15: CUMPLE | J15: CUMPLE | K15: CUMPLE | L15: CUMPLE 10 P | M15: CUMPLE | N15: CUMPLE | O15: CUMPLE | P15: APORTA | R15: HABIL
B16: 8 | C16: 8. COVISUR DE COLOMBIA | D16: CUMPLE | E16: CUMPLE | F16: CUMPLE | G16: CUMPLE | H16: CUMPLE | I16: CUMPLE | J16: CUMPLE | K16: CUMPLE | L16: CUMPLE 10 P | M16: CUMPLE | N16: CUMPLE | O16: CUMPLE | P16: APORTA | R16: HABIL
B17: 9 | C17: 9. UNION TEMPORAL ENGATIVA JP 2020 | D17: CUMPLE | E17: CUMPLE | F17: CUMPLE | G17: CUMPLE | H17: CUMPLE | I17: CUMPLE | J17: CUMPLE | K17: CUMPLE | L17: CUMPLE 10 P | M17: CUMPLE | N17: CUMPLE | O17: NO CUMPLE | P17: APORTA | R17: RECHAZADA | T17: LA LIBRETA MILITAR PRESENTADA NO CUMPLE LAS CONDICIONES DEL PLIEGO. DEBE SER DE PRIMERA CLASE
B18: 10 | C18: 10. UNIÓN TEMPORAL S.A. 2020 | D18: CUMPLE | E18: CUMPLE | F18: CUMPLE | G18: CUMPLE | H18: CUMPLE | I18: CUMPLE | J18: CUMPLE | K18: CUMPLE | L18: CUMPLE 10 P | M18: CUMPLE | N18: CUMPLE | O18: CUMPLE | P18: APORTA | R18: HABIL
B19: 11 | C19: 11. SEGURIDAD COSMOS LTDA | D19: CUMPLE | E19: CUMPLE | F19: CUMPLE | G19: CUMPLE | H19: CUMPLE | I19: CUMPLE | J19: CUMPLE | K19: CUMPLE | L19: CUMPLE 10 P | M19: CUMPLE | N19: CUMPLE | O19: CUMPLE | P19: APORTA | R19: HABIL
B20: 12 | C20: 12. MEGASEGURIDAD LA PROVEEDORA | D20: CUMPLE | E20: CUMPLE | F20: CUMPLE | G20: CUMPLE | H20: CUMPLE | I20: CUMPLE | J20: CUMPLE | K20: CUMPLE | L20: CUMPLE 10 P | M20: CUMPLE | N20: CUMPLE | O20: CUMPLE | P20: APORTA | R20: HABIL
B21: 13 | C21: 13. SEGURIDAD NUEVA ERA | D21: CUMPLE | E21: CUMPLE | F21: CUMPLE | G21: CUMPLE | H21: CUMPLE | I21: CUMPLE | J21: CUMPLE | K21: CUMPLE | L21: CUMPLE 10 P | M21: NO CUMPLE | N21: CUMPLE | O21: NO CUMPLE | P21: NO CUMPLE, EL CERTIFICADO NO ESTA VIGENTE | R21: RECHAZADA | T21: NO APORTA LA CREDENCIAL DE CONSULTOR, ASESOR, INVESTIGADOR PRIVADO COMO LO SOLICITA EL PLIEGO DE CONDICIONES NO APORTA DOCUMENTOS QUE COMPRUEBEN LA RELACION CONTRACTUAL COMO LO SOLCITA EL PLIEGO PARA LOS CASOS QUE ES CEDRTIFICADO POR EL MISMO PROPOENENTE LOS ITEMS DEL 8 AL 18 DE LA OFERTA ECONOMICA SOBREPASAN LOS VALORES UNITARIOS ESTABLECIDOS POR EL FDLE, LO CUAL ES UNA CAUSAL DE RECHAZO
B22: 14 | C22: 14. UNION TEMPORAL TELEGRAN SEGURIDAD | D22: CUMPLE | E22: CUMPLE | F22: CUMPLE | G22: CUMPLE | H22: CUMPLE | I22: CUMPLE | J22: CUMPLE | K22: CUMPLE | L22: CUMPLE 10 P | M22: CUMPLE | N22: CUMPLE | O22: CUMPLE | P22: APORTA | R22: HABIL
B23: 15 | C23: 15. SERVIGTEC LTDA | D23: CUMPLE | E23: CUMPLE | F23: CUMPLE | G23: CUMPLE | H23: CUMPLE | I23: CUMPLE | J23: CUMPLE | K23: CUMPLE | L23: CUMPLE 10 P | M23: CUMPLE | N23: CUMPLE | O23: CUMPLE | P23: APORTA | R23: HABIL
B24: 16 | C24: 16. UNION TEMPORAL SEGURIDAD SE 2020 | D24: CUMPLE | E24: CUMPLE | F24: CUMPLE | G24: CUMPLE | H24: CUMPLE | I24: CUMPLE | J24: CUMPLE | K24: CUMPLE | L24: CUMPLE 10 P | M24: CUMPLE | N24: CUMPLE | O24: CUMPLE | P24: APORTA | R24: HABIL
B25: 17 | C25: 17. CUSTODIAR LIMITADA | D25: CUMPLE | E25: CUMPLE | F25: CUMPLE | G25: CUMPLE | H25: CUMPLE | I25: CUMPLE | J25: CUMPLE | K25: CUMPLE | L25: CUMPLE 10 P | M25: CUMPLE | N25: CUMPLE | O25: CUMPLE | P25: APORTA | R25: HABIL
B26: 18 | C26: 18. UNIÓN TEMPORAL CP ALIANZA | D26: CUMPLE | E26: CUMPLE | F26: CUMPLE | G26: CUMPLE | H26: CUMPLE | I26: CUMPLE | J26: CUMPLE | K26: CUMPLE | L26: CUMPLE 10 P | M26: CUMPLE | N26: CUMPLE | O26: CUMPLE | P26: APORTA | R26: HABIL
B27: 19 | C27: 19. SEGURIDAD PENTA LTDA | D27: CUMPLE | E27: CUMPLE | F27: CUMPLE | G27: CUMPLE | H27: CUMPLE | I27: CUMPLE | J27: CUMPLE | K27: CUMPLE | L27: CUMPLE 10 P | M27: CUMPLE | N27: CUMPLE | O27: CUMPLE | P27: APORTA | R27: HABIL
B28: 20 | C28: 20. UNIÓN TEMPORAL ENGATIVA SAGAL 2020 | D28: CUMPLE | E28: CUMPLE | F28: CUMPLE | G28: CUMPLE | H28: CUMPLE | I28: CUMPLE | J28: CUMPLE | K28: CUMPLE | L28: CUMPLE 10 P | M28: CUMPLE | N28: CUMPLE | O28: CUMPLE | P28: APORTA | R28: HABIL
B29: 21 | C29: 21. SEGURIDAD Y VIGILANCIA ÉXITO DE COLOMBIA | D29: CUMPLE | E29: CUMPLE | F29: CUMPLE | G29: CUMPLE | H29: CUMPLE | I29: CUMPLE | J29: CUMPLE | K29: CUMPLE | L29: CUMPLE 10 P | M29: CUMPLE | N29: CUMPLE | O29: CUMPLE | P29: APORTA | R29: HABIL
B30: 22 | C30: 22. UNION TEMPORAL ZM 2021 | D30: CUMPLE | E30: CUMPLE | F30: CUMPLE | G30: CUMPLE | H30: CUMPLE | I30: CUMPLE | J30: CUMPLE | K30: CUMPLE | L30: CUMPLE 10 P | M30: CUMPLE | N30: CUMPLE | O30: CUMPLE | P30: APORTA | R30: HABIL

Sheet PONDERABLES
C3: LICITACION PUBLICA FDLE-LP-426-2020
C4: CRITERIOS DE CALIFICACION
C6: No. | D6: PROPONENTE | E6: TRABAJADORES CON DISCAPACIDAD | F6: APOYO A LA INDUSTRIA NACIONAL | G6: PROPUESTA ECONOMICA | H6: TOTAL | I6: OBSERVACIONES
E7: 1 PUNTO | F7: 10 PUNTOS | G7: 89 PUNTOS | H7: PUNTOS
C8: 1 | D8: 1. ANSE LTDA | E8: 1 | F8: 10 | G8: 0 | H8: =+G8+F8+E8 -> 11 | I8: RECHAZADA
C9: 2 | D9: 2. DINA POWER LTDA | E9: 0 | F9: 10 | G9: 86.317158 | H9: =+G9+F9+E9 -> 96.317158 | I9: HABIL
C10: 3 | D10: 3. VIPCOL LTDA | E10: 0 | F10: 0 | G10: 86.317157 | H10: =+G10+F10+E10 -> 86.317157 | I10: HABIL
C11: 4 | D11: 4. AZC LTDA | E11: 0 | F11: 10 | G11: 87.618612 | H11: =+G11+F11+E11 -> 97.618612 | I11: HABIL
C12: 5 | D12: 5. SEGURIDAD THOR LTDA | E12: 0 | F12: 0 | G12: 0 | H12: =+G12+F12+E12 -> 0 | I12: RECHAZADA
C13: 6 | D13: 6. COOVIAM CTA | E13: 1 | F13: 10 | G13: 88.581475 | H13: =+G13+F13+E13 -> 99.581475 | I13: HABIL
C14: 7 | D14: 7. UT VITEC 2020 | E14: 1 | F14: 10 | G14: 86.317157 | H14: =+G14+F14+E14 -> 97.317157 | I14: HABIL
C15: 8 | D15: 8. COVISUR DE COLOMBIA | E15: 1 | F15: 10 | G15: 88.619596 | H15: =+G15+F15+E15 -> 99.619596 | I15: HABIL
C16: 9 | D16: 9. UNION TEMPORAL ENGATIVA JP 2020 | E16: 1 | F16: 10 | G16: 0 | H16: =+G16+F16+E16 -> 11 | I16: RECHAZADA
C17: 10 | D17: 10. UNIÓN TEMPORAL S.A. 2020 | E17: 1 | F17: 10 | G17: 88.966396 | H17: =+G17+F17+E17 -> 99.966396 | I17: HABIL
C18: 11 | D18: 11. SEGURIDAD COSMOS LTDA | E18: 1 | F18: 10 | G18: 88.985179 | H18: =+G18+F18+E18 -> 99.985179 | I18: HABIL
C19: 12 | D19: 12. MEGASEGURIDAD LA PROVEEDORA | E19: 1 | F19: 10 | G19: 87.629123 | H19: =+G19+F19+E19 -> 98.629123 | I19: HABIL
... C29: 22 | D29: 22. UNION TEMPORAL ZM 2021 | E29: 1 | F29: 10 | G29: 88.895832 | H29: =+G29+F29+E29 -> 99.895832 | I29: HABIL
C35: PUESTO OCUPADO | D35: PROPONENTE | E35: TRABAJADORES CON DISCAPACIDAD | F35: APOYO A LA INDUSTRIA NACIONAL | G35: PROPUESTA ECONOMICA | H35: TOTAL
E36: 1 PUNTO | F36: 10 PUNTOS | G36: 89 PUNTOS
C37: 1 | D37: 11. SEGURIDAD COSMOS LTDA | E37: 1 | F37: 10 | G37: 88.985179 | H37: 99.985179
C38: 2 | D38: 10. UNIÓN TEMPORAL S.A. 2020 | E38: 1 | F38: 10 | G38: 88.966396 | H38: 99.966396
C39: 3 | D39: 22. UNION TEMPORAL ZM 2021 | E39: 1 | F39: 10 | G39: 88.895832 | H39: =+G39+F39+E39 -> 99.895832
C40: 4 | D40: 19. SEGURIDAD PENTA LTDA | E40: 1 | F40: 10 | G40: 88.746598 | H40: =+G40+F40+E40 -> 99.746598
C41: 5 | D41: 14. UNION TEMPORAL TELEGRAN SEGURIDAD | E41: 1 | F41: 10 | G41: 88.727497 | H41: =+G41+F41+E41 -> 99.727497
C42: 6 | D42: 8. COVISUR DE COLOMBIA | E42: 1 | F42: 10 | G42: 88.619596 | H42: =+G42+F42+E42 -> 99.619596
C43: 7 | D43: 15. SERVIGTEC LTDA | E43: 1 | F43: 10 | G43: 88.58555 | H43: =+G43+F43+E43 -> 99.58555
C44: 8 | D44: 6. COOVIAM CTA | E44: 1 | F44: 10 | G44: 88.581475 | H44: =+G44+F44+E44 -> 99.581475
C45: 9 | D45: 21. SEGURIDAD Y VIGILANCIA ÉXITO DE COLOMBIA | E45: 1 | F45: 10 | G45: 88.508655 | H45: =+G45+F45+E45 -> 99.508655
C46: 10 | D46: 20. UNIÓN TEMPORAL ENGATIVA SAGAL 2020 | E46: 1 | F46: 10 | G46: 88.433377 | H46: =+G46+F46+E46 -> 99.433377
C47: 11 | D47: 17. CUSTODIAR LIMITADA | E47: 1 | F47: 10 | G47: 88.303195 | H47: =+G47+F47+E47 -> 99.303195
C48: 12 | D48: 12. MEGASEGURIDAD LA PROVEEDORA | E48: 1 | F48: 10 | G48: 87.629123 | H48: =+G48+F48+E48 -> 98.629123
C49: 13 | D49: 4. AZC LTDA | E49: 0 | F49: 10 | G49: 87.618612 | H49: =+G49+F49+E49 -> 97.618612
C50: 14 | D50: 7. UT VITEC 2020 | E50: 1 | F50: 10 | G50: 86.317157 | H50: =+G50+F50+E50 -> 97.317157
... C52: 16 | D52: 3. VIPCOL LTDA | E52: 0 | F52: 0 | G52: 86.317157 | H52: =+G52+F52+E52 -> 86.317157
C53: 17

Sheet CONSOLIDADO GENERAL
B1: LICITACION PUBLICA FDLE-LP-426-2020
B2: INFORME DE EVALUACION PRELIMINAR
A4: No. | B4: PROPONENTE | C4: EVALUACION JURIDICA | D4: EVALUACION TECNICA | E4: EVALUACION CAPACIDAD FINANCIERA Y ORGANIZACIONAL | F4: ESTADO
A10: 1 | B10: 1. AGENCIA NACIONAL DE SEGURIDAD PRIVADA ANSE LTDA | C10: CUMPLE | D10: RECHAZADA | E10: CUMPLE | F10: RECHAZADO
A11: 2 | B11: 2. VIGILANCIA Y SEGURIDAD PRIVADA DINAPOWER LTDA | C11: CUMPLE | D11: CUMPLE | E11: CUMPLE | F11: HABILITADO
A12: 3 | B12: 3. VIPCOL LIMITADA VIGILANCIA PRIVADA DE COLOMBIA | C12: CUMPLE | D12: CUMPLE | E12: CUMPLE | F12: HABILITADO
A13: 4 | B13: 4. COMPAÑÍA DE SEGURIDAD Y VIGILANCIA PRIVADA AZIMUT CARIBABARE LTDA | C13: CUMPLE | D13: CUMPLE | E13: CUMPLE | F13: HABILITADO
A14: 5 | B14: 5. SEGURIDAD THOR LTDA | C14: RECHAZADO | D14: RECHAZADO | E14: CUMPLE | F14: RECHAZADO
A15: 6 | B15: 6. COOVIAM CTA | C15: CUMPLE | D15: CUMPLE | E15: CUMPLE | F15: HABILITADO
A16: 7 | B16: 7. UT VITEC 2020 | C16: CUMPLE | D16: CUMPLE | E16: CUMPLE | F16: HABILITADO
A17: 8 | B17: 8. COMPAÑIA DE VIGILANCIA COVISUR DE COLOMBIA LTDA | C17: CUMPLE | D17: CUMPLE | E17: CUMPLE | F17: HABILITADO
A18: 9 | B18: 9. UT ENGATIVA JP 2020 | C18: RECHAZADO | D18: RECHAZADO | E18: CUMPLE | F18: RECHAZADO
A19: 10 | B19: 10. UNIÓN TEMPORAL S.A. 2020 | C19: CUMPLE | D19: CUMPLE | E19: CUMPLE | F19: HABILITADO
A20: 11 | B20: 11. SEGURIDAD COSMOS LTDA | C20: CUMPLE | D20: CUMPLE | E20: CUMPLE | F20: HABILITADO
A21: 12 | B21: 12. MEGASEGURIDAD LA PROVEEDORA LTDA | C21: CUMPLE | D21: CUMPLE | E21: CUMPLE | F21: HABILITADO
... A31: 22 | B31: 22. UNIÓN TEMPORAL ZM 2021 | C31: CUMPLE | D31: CUMPLE | E31: CUMPLE | F31: HABILITADO
